 Dungeon Crawl Stone Soup version 0.30.0-18-gf1372a6a44 (webtiles) character file.

Game seed: 14408237699700092957

460384 qw the Slayer (level 24, -13/168 HPs)
             Began as a Gargoyle Fighter on May 21, 2023.
             Was an Elder of Okawaru.
             Mangled by a hell knight
             ... wielding a +2 long sword
              (17 damage)
             ... on level 4 of the Depths.
             The game lasted 00:31:26 (55939 turns).

qw the Slayer (Gargoyle Fighter)                   Turns: 55939, Time: 00:31:27

Health: -13/168    AC: 59    Str: 39    XL:     24   Next: 47%
Magic:  28/28      EV: 17    Int: 14    God:    Okawaru [****..]
Gold:   2792       SH: 28    Dex:  8    Spells: 23/23 levels left

rFire   + + +        E - +3 broad axe "Xaice" {freeze, rF++ rC+}
rCold   + . .        b - +0 tower shield
rNeg    + . .        G - +7 plate armour
rPois   inf          r - +2 helmet {SInv}
rElec   +            n - scarf {repulsion}
rCorr   +            y - +2 pair of gloves {Str+3}
SInv    +            k - +2 pair of boots
Will    +....        B - amulet of reflection
Stlth   x              - +5 ring of evasion
HPRegen 0.48/turn    v - +6 ring of strength
MPRegen 0.21/turn

%: repel missiles, reflection
@: about to teleport, resistant, heroic, flying
A: sickness immunity, AC +18, big wings, negative energy resistance 1,
electricity resistance, torment resistance 1, petrification resistance, clever
1, low MP 1, cold vulnerability 1, noise suppression
}: 2/15 runes: decaying, serpentine
a: Renounce Religion, Heroism, Finesse


You were on level 4 of the Depths.
You worshipped Okawaru.
Okawaru was greatly pleased with you.
You visited 8 branches of the dungeon, and saw 39 of its levels.
You also visited: Gauntlet.

You collected 4820 gold pieces.
You spent 2028 gold pieces at shops.


Innate Abilities, Weirdness & Mutations

You are immune to sickness and miasma.
Your stone body is resilient. (AC +18)
You are immune to poison.
Your large and strong wings let you fly.
You resist negative energy. (rN+)
You are resistant to electric shocks. (rElec)
You are resistant to unholy torment.
You are immune to petrification.
Your mind is acute. (Int +4, Str/Dex -1)
Your magical capacity is low. (-10% MP)
You are vulnerable to cold. (rC-)
You passively dampen the noise of your surroundings.


   Skills:
 - Level 22.0(27) Fighting
 - Level 18.0(23.0) Axes
 - Level 11.0(16.0) Throwing
 + Level 20.5(25.5) Armour
 - Level 6.0(11.0) Dodging
 - Level 21.6(26.6) Shields
 - Level 11.2 Invocations


You had 23 spell levels left.
You didn't know any spells.
Your spell library was empty.

Inventory:

Hand Weapons
 E - the +3 broad axe "Xaice" (weapon) {freeze, rF++ rC+}
   (You found it on level 13 of the Dungeon)

   rF:        It greatly protects you from fire.
   rC:        It protects you from cold.
Missiles
 u - 6 javelins (quivered)
 C - 4 boomerangs
Armour
 b - a +0 tower shield (worn)
 e - a +0 cloak
 k - a +2 pair of boots (worn)
 n - a scarf of repulsion (worn)
 o - +0 acid dragon scales
 r - a +2 helmet of see invisible (worn)
 w - a +10 plate armour of ponderousness
 y - a +2 pair of gloves of strength (worn)
 F - the scarf "Hunytwo" {harm, rCorr}
   (Okawaru gifted it to you on level 2 of the Vaults)

   rCorr:     It protects you from acid and corrosion.
 G - a +7 plate armour (worn)
 J - +0 gold dragon scales
Jewellery
 q - a ring of ice
 t - a ring of ice
 v - a +6 ring of strength (right hand)
 x - a +5 ring of evasion (left hand)
 A - a ring of resist corrosion
 B - an amulet of reflection (around neck)
 D - the ring of the Cicada {rF+ Int+6}
   (You found it on level 2 of the Depths)

   [ring of protection from fire]

   Int:       It affects your intelligence (+6).
   rF:        It protects you from fire.
 H - a ring of protection from fire
Wands
 i - a wand of digging (21)
Scrolls
 a - 15 scrolls of identify
 f - a scroll of enchant weapon
 j - 11 scrolls of teleportation
Potions
 c - a potion of cancellation
 d - 5 potions of might
 g - 5 potions of resistance
 h - 16 potions of curing
 l - 8 potions of lignification
 m - 5 potions of haste
 p - 11 potions of attraction
 s - 9 potions of mutation
 z - 2 potions of magic

Dungeon Overview and Level Annotations

Branches:
Dungeon (15/15)            Temple (1/1) D:5            Lair (5/5) D:9
  Swamp (4/4) Lair:3        Snake (4/4) Lair:3        Slime (0/5) Lair:5
    Orc (2/2) D:10            Elf (0/3) Orc:2        Vaults (4/5) D:14
  Crypt (0/3) Vaults:2     Depths (4/4) D:15        Gauntlet (visited)
    Zot: Depths:4

Altars:
Ashenzari
Cheibriados
Dithmenos
Elyvilon
Fedhas
Gozag
Hepliaklqana
Kikubaaqudgha
Makhleb
Nemelex Xobeh
Okawaru
Qazlal
Ru
Sif Muna
Trog
Uskayaw
Vehumet
Wu Jian
Xom
Yredelemnul
Zin
The Shining One
Jiyva

Shops:
D:5 :   D:10 (   Orc:2 =?[*   Vaults:1 (   Vaults:3 *

Portals:
Hell: Depths:1 Depths:2 Depths:3
Abyss: Depths:2 Depths:3
Pandemonium: Depths:2 Depths:3
Ziggurat: Depths:4

Annotations:
D:4 3 runed translucent doors, qw's ghost, amateur GrFi
Swamp:1 2 transporters, qw's ghost, adept GrCA
Swamp:2 2 transporters, qw's ghost, adept GrCA
Orc:1 2 runed translucent doors
Depths:4 Grunn; the Enchantress


Message History

The bolt of fire hits the hell knight.
The hell knight completely resists.
You completely miss the hell knight.
The hell knight is heavily wounded.
You slice the hell knight!! You freeze the hell knight.
You hit the hell knight. You freeze the hell knight.
You barely miss the hell knight. You slice the necromancer!!
You freeze the necromancer.
The hell knight hits you but does no damage.
You block the hell knight's attack.
The hell knight hits you with a +5 war axe!
The hell knight hits you with a +0 great sword of pain.
You block the hell knight's attack.
You slice the necromancer like a ripe choko!!!
You freeze the necromancer.
You kill the necromancer!
Okawaru accepts your kill.
You slice the hell knight!! You freeze the hell knight!
You slice the hell knight!! You freeze the hell knight!
You hit the hell knight but do no damage.
You slash the hell knight! You freeze the hell knight.
The hell knight closely misses you. You block the hell knight's attack.
The hell knight hits you but does no damage.
The hell knight hits you with a +0 great sword of pain!
You writhe in agony.
The hell knight hits you but does no damage.
The hell knight invokes the aid of its god against you.
The bolt of fire is repelled.
The bolt of fire misses the hell knight.
You carve the hell knight like a ham!!! You freeze the hell knight.
You kill the hell knight!
Okawaru accepts your kill.
You slash the hell knight! You freeze the hell knight.
You slice the hell knight!! You freeze the hell knight!
You slash the hell knight! You freeze the hell knight.
A freezing mist starts to gather...
A hell knight simulacrum comes into view.
The hell knight barely misses you.
The hell knight hits you but does no damage.
You writhe in agony.
You block the hell knight's attack.
The hell knight hits you with a +2 long sword!
You die...

...........?
...........
..........#
..........#
........Z.#
.......p..#
......))..#
...../p@p.#
......[p%.#
..........#
..........#
.........^#
..........#
..........+
..........#


You could see 4 hell knights and a hell knight simulacrum.

Vanquished Creatures
  Mennas (Vaults:4)
  A juggernaut (Depths:2)
  Sojobo (Depths:3)
  Vv (Depths:4)
  Margery (Vaults:4)
  2 caustic shrikes (Depths:3)
  Jory (Depths:3)
  4 golden dragons
  Nikola (Snake:2)
  5 bone dragons (Depths:3)
  A doom hound (Depths:3)
  A Tzitzimitl (Depths:3)
  2 liches (Depths:3)
  A tentacled monstrosity (Depths:2)
  A quicksilver dragon (Depths:3)
  5 sphinxes
  3 thorn hunters
  Gastronok (Lair:1)
  Kirke (Lair:4)
  8 tengu reavers
  A shadow dragon (Depths:3)
  2 fire giants
  A fenstrider witch (Swamp:2)
  2 nagarajas
  5 frost giants
  17 vault wardens
  Aizul (Snake:2)
  6 spectral caustic shrikes (Depths:3)
  6 orc warlords
  A ghoul (Swamp:1)
  18 ironbound preservers
  17 very ugly things
  5 spriggan defenders
  9 ironbound thunderhulks
  2 war gargoyles
  16 stone giants
  4 vampire knights
  Azrael (D:15)
  2 eleionomae (Swamp:3)
  A deep elf demonologist (Vaults:3)
  4 dire elephants (Vaults:2)
  2 putrid mouths (Depths:3)
  A minotaur (Gauntlet)
  3 bunyips
  A minotaur (shapeshifter) (Depths:3)
  8 fire dragons
  4 ettins
  8 spark wasps
  A crystal guardian (Vaults:3)
  2 entropy weavers
  A merfolk impaler (Depths:1)
  2 shambling mangroves
  7 yaktaur captains
  3 rakshasas
  5 salamander tyrants
  A vault guard (Vaults:1)
  A peacekeeper (Vaults:3)
  12 ironbound frosthearts
  3 spriggan air magi
  7 great orbs of eyes
  A quicksilver dragon skeleton (Depths:2)
  19 hydras
  Harold (D:11)
  4 ogre magi (Orc:2)
  6 ice dragons
  3 catoblepae
  A radroach (shapeshifter) (Depths:3)
  17 two-headed ogres
  8 alligators
  2 ghost crabs (Swamp:4)
  9 anacondas
  A death knight (D:14)
  12 centaur warriors
  4 boulder beetles
  5 tengu warriors
  An orc high priest (Orc:2)
  15 naga warriors
  7 spriggan berserkers
  10 death yaks
  5 deep troll earth magi
  3 deep troll shamans
  A vampire mage (Depths:2)
  5 naga sharpshooters
  6 shock serpents
  Urug (D:12)
  Sonja (D:13)
  16 hell knights
  A sun demon (Depths:2)
  A titan skeleton (Vaults:4)
  6 salamander mystics (Snake:4)
  9 skeletal warriors
  A fire crab (Lair:5)
  2 glowing orange brains
  A death drake (Swamp:3)
  2 spriggan druids
  A shadow dragon zombie (Depths:2)
  4 goliath frogs
  An iron troll (Depths:2)
  14 bog bodies
  2 flayed ghosts (Depths:2)
  46 deep trolls
  16 ironbound convokers
  13 swamp dragons
  3 deep elf pyromancers
  2 naga ritualists
  13 wizards
  Pikel (D:9)
  5 harpies (Vaults:2)
  12 necromancers
  3 phantasmal warriors
  A shadow dragon skeleton (Depths:2)
  14 orc knights
  A human zombie (Vaults:4)
  11 mana vipers
  21 lindwurms
  34 ugly things
  2 oklob plants
  A fire giant zombie (Vaults:4)
  A wolf spider (Lair:5)
  24 salamanders
  6 cyclopes
  7 manticores
  4 will-o-the-wisps
  3 orc sorcerers
  A sphinx skeleton (Vaults:4)
  10 elephants
  A moth of wrath (Gauntlet)
  A rust devil (Depths:2)
  37 black mambas
  A stone giant skeleton (Vaults:4)
  A black mamba (shapeshifter) (D:14)
  An ice statue (D:13)
  2 human skeletons (Vaults:4)
  2 torpor snails (Lair:5)
  8 guardian serpents
  12 naga magi
  11 cane toads
  4 gargoyles
  A komodo dragon (shapeshifter) (D:14)
  18 vault sentinels
  An elf skeleton (Vaults:2)
  3 rime drakes
  A yaktaur zombie (Vaults:4)
  An orange demon (Depths:2)
  An unseen horror (shapeshifter) (D:15)
  An unseen horror (D:12)
  31 yaktaurs
  A tormentor (Depths:2)
  An efreet (D:14)
  5 komodo dragons
  3 tengu conjurers
  An ice devil (Depths:2)
  3 freezing wraiths
  2 yaktaur skeletons (Vaults:2)
  7 trolls
  12 tyrant leeches
  3 bloated husks
  4 polar bears
  16 hornets
  Grinder (D:5)
  9 blink frogs
  An ettin zombie (Vaults:4)
  4 dream sheep
  25 slime creatures
  2 shadows
  3 wraiths
  10 large abominations
  A culicivora (shapeshifter) (D:15)
  10 yaks
  A water elemental (Depths:2)
  5 vampires
  3 fire elementals (D:15)
  13 spriggans
  A ynoxinul (Depths:2)
  12 basilisks
  4 chaos spawn (Depths:2)
  7 wyverns
  3 humans (Lair:4)
  4 steam dragons
  A yaktaur simulacrum (Vaults:4)
  3 hogs (Lair:4)
  4 redbacks
  2 neqoxecs (Depths:2)
  5 vampire mosquitoes
  A human simulacrum (Vaults:4)
  Menkaure (D:6)
  9 wargs
  41 nagas
  18 swamp worms
  6 acid dragons
  Duvessa (D:5)
  A hell hound (D:15)
  13 swamp drakes
  9 water moccasins
  An ice beast (D:6)
  A meliai simulacrum (D:15)
  16 orc warriors
  2 black bears (D:6)
  3 sky beasts
  31 ogres
  3 lemures (D:9)
  13 centaurs
  28 wolves
  3 kobold brigands (D:8)
  4 necrophages (Swamp:1)
  Blork the orc (D:4)
  10 bullfrogs
  A scorpion (D:5)
  A glowing shapeshifter simulacrum (Depths:2)
  3 gnoll sergeants
  A hornet simulacrum (D:14)
  13 wights
  7 small abominations
  Dowan (D:5)
  13 killer bees
  6 electric eels
  2 howler monkeys
  2 lava snakes (Lair:3)
  5 hounds
  4 jellies
  19 orc priests
  3 gnoll boudas
  A sleepcap (D:4)
  17 orc wizards
  10 hell rats (Lair:5)
  A statue (D:7)
  A boggart simulacrum (D:12)
  23 gnolls
  5 adders
  2 shadow imps (D:7)
  2 white imps
  3 ufetubi
  3 worms
  2 dart slugs (D:5)
  55 orcs
  9 ball pythons
  5 bats
  6 endoplasms
  3 giant cockroaches
  9 goblins
  6 hobgoblins
  7 jackals
  8 quokkas
  6 frilled lizards
  4 kobolds
  4 rats
1519 creatures vanquished.

Vanquished Creatures (others)
  A fire giant (Depths:3)
  A bunyip (Swamp:4)
  2 wizards
  3 bloated husks (Swamp:3)
  8 foxfires
15 creatures vanquished.

Grand Total: 1534 creatures vanquished

Notes
Turn   | Place    | Note
-------+----------+-------------------------------------------
     0 | D:1      | qw the Gargoyle Fighter began the quest for the Orb.
     0 | D:1      | Reached XP level 1. HP: 14/14 MP: 1/1
     0 | D:1      | 0 ||| qw: Version: 0.2-a-98-g16b38d9
     0 | D:1      | 0 ||| qw: Game counter: 22
     0 | D:1      | 0 ||| qw: Always use a shield: true
     0 | D:1      | 0 ||| qw: God list: Okawaru
     0 | D:1      | 0 ||| qw: Allow faded altars: false
     0 | D:1      | 0 ||| qw: Do Orc after D:15 true
     0 | D:1      | 0 ||| qw: Do second Lair branch before Depths: true
     0 | D:1      | 0 ||| qw: Lair rune preference: random
     0 | D:1      | 0 ||| qw: Plans: Normal, Zot:1-4, God:TSO, Crypt, Tomb,
                  | Pan, Slime:5, Hells, Abyss, Win
     0 | D:1      | 0 ||| PLANNING D:1-11
   102 | D:1      | Reached XP level 2. HP: 18/19 MP: 2/2
   160 | D:1      | 160 ||| Stepping ~*~*~tactically~*~*~ (stealth).
   179 | D:1      | 179 ||| DROPPING +0 whip.
   475 | D:1      | Reached skill level 3 in Axes
   557 | D:1      | Reached XP level 3. HP: 21/23 MP: 3/3
   814 | D:1      | 814 ||| UPGRADING to +0 helmet.
   819 | D:1      | 819 ||| UPGRADING to +0 pair of boots.
   824 | D:1      | 824 ||| READING 3 scrolls labelled BOIDOU YRCHA.
   825 | D:1      | 825 ||| READING scroll labelled KUM NUOMPAM.
   826 | D:1      | 826 ||| READING scroll labelled OTWAMI WEVOKK.
   827 | D:1      | 827 ||| READING scroll labelled UFOXILI HAMOA.
   828 | D:1      | 828 ||| READING scroll labelled ENA NEMENUGU.
   829 | D:1      | 829 ||| READING 2 scrolls of identify.
   829 | D:1      | 829 ||| IDENTIFYING fizzy sapphire potion
   830 | D:1      | 830 ||| DROPPING potion of degeneration.
   879 | D:2      | 879 ||| Stepping ~*~*~tactically~*~*~ (stealth).
  1123 | D:2      | Reached XP level 4. HP: 28/28 MP: 4/4
  1216 | D:2      | 1216 ||| Stepping ~*~*~tactically~*~*~ (stealth).
  1218 | D:2      | 1218 ||| Stepping ~*~*~tactically~*~*~ (stealth).
  1258 | D:2      | Found a faded altar of an unknown god.
  1407 | D:2      | 1407 ||| Stepping ~*~*~tactically~*~*~ (stealth).
  1409 | D:2      | 1409 ||| Stepping ~*~*~tactically~*~*~ (hiding).
  1646 | D:2      | 1646 ||| UPGRADING to +0 chain mail.
  1656 | D:2      | 1656 ||| DROPPING +0 scale mail.
  1657 | D:2      | 1657 ||| UPGRADING to scarf of repulsion.
  1662 | D:2      | 1662 ||| READING 2 scrolls labelled PIKIES RAU.
  1666 | D:2      | 1666 ||| READING 2 scrolls labelled XAWKEDD OLECSO.
  1667 | D:2      | 1667 ||| READING scroll labelled NEMI QIABO.
  1668 | D:2      | 1668 ||| DRINKING 2 ruby potions.
  1669 | D:2      | 1669 ||| DROPPING scroll of amnesia.
  1724 | D:3      | Found a hide-covered altar of Uskayaw.
  1773 | D:3      | Found a bloodstained altar of Trog.
  2431 | D:3      | 2431 ||| DRINKING 2 grey potions.
  2493 | D:4      | Reached XP level 5. HP: 32/32 MP: 5/5
  2610 | D:4      | Noticed Blork the orc
  2616 | D:4      | Killed Blork the orc
  2617 | D:4      | Reached skill level 4 in Fighting
  2617 | D:4      | Reached XP level 6. HP: 34/39 MP: 6/6
  2637 | D:4      | 2637 ||| DROPPING +1 mace of protection.
  2877 | D:4      | Found a shimmering altar of Xom.
  2878 | D:4      | Found a shimmering altar of Xom.
  2881 | D:4      | Found a shimmering altar of Xom.
  2883 | D:4      | Found a shimmering altar of Xom.
  3052 | D:4      | Found a runed translucent gate.
  3052 | D:4      | Found a runed translucent gate.
  3052 | D:4      | Found a runed translucent gate.
  3053 | D:4      | Noticed qw's ghost (amateur GrFi)
  3180 | D:4      | 3180 ||| UPGRADING to amulet of guardian spirit.
  3185 | D:4      | 3185 ||| READING scroll labelled XIKHLE NUWAMUTU.
  3186 | D:4      | 3186 ||| READING scroll labelled NIMNUD ARO VOESU.
  3213 | D:4      | 3213 ||| DRINKING 3 lumpy grey potions.
  3214 | D:4      | 3214 ||| DRINKING 3 glowing silvery potions.
  3215 | D:4      | 3215 ||| DRINKING 4 red potions.
  3215 | D:4      | Gained mutation: Your flesh is cold resistant. (rC+)
                  | [potion of mutation]
  3215 | D:4      | Gained mutation: You occasionally lose the ability to drink
                  | potions when taking damage. [potion of mutation]
  3216 | D:4      | 3216 ||| DRINKING 3 potions of mutation.
  3216 | D:4      | Lost mutation: Your flesh is cold resistant. (rC+) [potion
                  | of mutation]
  3216 | D:4      | Lost mutation: You occasionally lose the ability to drink
                  | potions when taking damage. [potion of mutation]
  3216 | D:4      | Gained mutation: Your mind is acute. (Int +4, Str/Dex -1)
                  | [potion of mutation]
  3216 | D:4      | Gained mutation: You passively dampen the noise of your
                  | surroundings. [potion of mutation]
  3217 | D:4      | 3217 ||| READING 4 scrolls of identify.
  3217 | D:4      | 3217 ||| IDENTIFYING fuming coppery potion
  3218 | D:4      | 3218 ||| READING 3 scrolls of identify.
  3218 | D:4      | 3218 ||| IDENTIFYING fuming white potion
  3219 | D:4      | 3219 ||| READING 2 scrolls of identify.
  3219 | D:4      | 3219 ||| IDENTIFYING white potion
  3220 | D:4      | 3220 ||| DROPPING potion of magic.
  3221 | D:4      | 3221 ||| DROPPING 2 potions of invisibility.
  3235 | D:5      | Entered Level 5 of the Dungeon
  3243 | D:5      | 3243 ||| Stepping ~*~*~tactically~*~*~ (stealth).
  3252 | D:5      | 3252 ||| Stepping ~*~*~tactically~*~*~ (stealth).
  3256 | D:5      | 3256 ||| Stepping ~*~*~tactically~*~*~ (stealth).
  3258 | D:5      | 3258 ||| Stepping ~*~*~tactically~*~*~ (stealth).
  3259 | D:5      | 3259 ||| Stepping ~*~*~tactically~*~*~ (stealth).
  3363 | D:5      | Found Alyek's Self-Improvement Boutique.
  3376 | D:5      | Reached skill level 6 in Axes
  3465 | D:5      | Noticed Grinder
  3478 | D:5      | Reached XP level 7. HP: 34/44 MP: 5/7
  3478 | D:5      | 3478 ||| Stepping ~*~*~tactically~*~*~ (hiding).
  3479 | D:5      | 3479 ||| Stepping ~*~*~tactically~*~*~ (hiding).
  3488 | D:5      | Paralysed by Grinder for 4 turns
  3492 | D:5      | Killed Grinder
  3682 | D:5      | Noticed Duvessa
  3684 | D:5      | Noticed Dowan
  3693 | D:5      | Killed Duvessa
  3693 | D:5      | Killed Dowan
  3694 | D:5      | Reached skill level 5 in Fighting
  3755 | D:5      | 3755 ||| Stepping ~*~*~tactically~*~*~ (hiding).
  3759 | D:5      | Found a basalt altar of Yredelemnul.
  3866 | D:5      | Reached XP level 8. HP: 47/51 MP: 6/8
  3882 | D:5      | Found a hazy altar of Hepliaklqana.
  3925 | D:5      | Reached skill level 1 in Dodging
  4024 | D:5      | Reached skill level 1 in Throwing
  4047 | D:5      | 4047 ||| Stepping ~*~*~tactically~*~*~ (stealth).
  4049 | D:5      | 4049 ||| Stepping ~*~*~tactically~*~*~ (stealth).
  4137 | D:5      | Found a white marble altar of Elyvilon.
  4138 | D:5      | Found a sparkling altar of Nemelex Xobeh.
  4397 | D:5      | Found a staircase to the Ecumenical Temple.
  4398 | D:5      | 4398 ||| PLANNING TEMPLE
  4398 | D:5      | 4398 ||| UPGRADING to +0 pair of gloves.
  4403 | D:5      | 4403 ||| READING 2 scrolls of identify.
  4403 | D:5      | 4403 ||| IDENTIFYING fuming black potion
  4404 | D:5      | 4404 ||| DROPPING potion of flight.
  4413 | Temple   | Entered the Ecumenical Temple
  4414 | Temple   | 4414 ||| PLANNING D:1-11
  4550 | D:6      | Noticed Menkaure
  4555 | D:6      | Killed Menkaure
  4811 | D:6      | Reached skill level 6 in Fighting
  5043 | D:6      | 5043 ||| READING scroll of enchant armour.
  5043 | D:6      | 5043 ||| ENCHANTING +0 pair of gloves.
  5113 | D:6      | Found a shadowy altar of Dithmenos.
  5184 | D:6      | Found a blossoming altar of Fedhas.
  5185 | D:6      | Found an ornate altar of the Wu Jian Council.
  5186 | D:6      | Found an ancient bone altar of Kikubaaqudgha.
  5235 | D:6      | 5235 ||| Stepping ~*~*~tactically~*~*~ (stealth).
  5236 | D:6      | 5236 ||| Stepping ~*~*~tactically~*~*~ (stealth).
  5237 | D:6      | 5237 ||| Stepping ~*~*~tactically~*~*~ (stealth).
  5244 | D:6      | Reached XP level 9. HP: 55/55 MP: 9/9
  5877 | D:6      | 5877 ||| DROPPING ring of wizardry.
  5878 | D:6      | 5878 ||| READING scroll labelled FYHUNO YMIO.
  5902 | D:7      | 5902 ||| Stepping ~*~*~tactically~*~*~ (hiding).
  5903 | D:7      | 5903 ||| Stepping ~*~*~tactically~*~*~ (hiding).
  5910 | D:7      | Reached skill level 9 in Axes
  6117 | D:7      | 6117 ||| Stepping ~*~*~tactically~*~*~ (hiding).
  6244 | D:7      | 6244 ||| Stepping ~*~*~tactically~*~*~ (stealth).
  6248 | D:7      | 6248 ||| Stepping ~*~*~tactically~*~*~ (stealth).
  6249 | D:7      | 6249 ||| Stepping ~*~*~tactically~*~*~ (stealth).
  6285 | D:7      | Found an iron altar of Okawaru.
  6286 | D:7      | 6286 ||| PLANNING OKAWARU WORSHIP
  6286 | D:7      | 6286 ||| PLANNING OKAWARU WORSHIP
  6286 | D:7      | 6286 ||| PLANNING D:1-11
  6288 | D:7      | Found a sacrificial altar of Ru.
  6289 | D:7      | 6289 ||| PLANNING OKAWARU WORSHIP
  6293 | D:7      | Became a worshipper of Warmaster Okawaru
  6293 | D:7      | 6293 ||| PLANNING D:1-11
  6294 | D:7      | 6294 ||| REMOVING amulet of guardian spirit.
  6357 | D:7      | 6357 ||| Stepping ~*~*~tactically~*~*~ (hiding).
  6359 | D:7      | 6359 ||| Stepping ~*~*~tactically~*~*~ (hiding).
  6491 | D:7      | Reached skill level 7 in Fighting
  6647 | D:7      | Found a radiant altar of Vehumet.
  6676 | D:7      | Found a snail-covered altar of Cheibriados.
  6677 | D:7      | 6677 ||| DROPPING amulet of guardian spirit.
  6770 | D:7      | 6770 ||| Stepping ~*~*~tactically~*~*~ (hiding).
  6771 | D:7      | 6771 ||| Stepping ~*~*~tactically~*~*~ (hiding).
  6773 | D:7      | 6773 ||| Stepping ~*~*~tactically~*~*~ (hiding).
  6895 | D:7      | Identified the +3 mace of Disharmony {venom, Drain rPois
                  | Int+5 Dex+8}
  7033 | D:7      | 7033 ||| READING 5 scrolls of identify.
  7033 | D:7      | 7033 ||| IDENTIFYING amethyst potion
  7072 | D:8      | 7072 ||| Stepping ~*~*~tactically~*~*~ (cloud).
  7254 | D:8      | 7254 ||| READING scroll of enchant weapon.
  7254 | D:8      | 7254 ||| ENCHANTING +1 war axe of electrocution.
  7435 | D:8      | HP: 11/57 [steam dragon (5)]
  7436 | D:8      | 7436 ||| READING 2 scrolls of teleportation.
  7436 | D:8      | HP: 4/57 [steam dragon/ball of steam (5)]
  7437 | D:8      | 7437 ||| DRINKING potion of heal wounds.
  7541 | D:8      | 7541 ||| Stepping ~*~*~tactically~*~*~ (hiding).
  7557 | D:8      | Reached * piety under Okawaru
  7558 | D:8      | Reached skill level 6 in Armour
  7558 | D:8      | Reached XP level 10. HP: 56/63 MP: 10/10
  7618 | D:8      | 7618 ||| Stepping ~*~*~tactically~*~*~ (stealth).
  7632 | D:8      | Reached skill level 1 in Invocations
  7679 | D:8      | 7679 ||| INVOKING Heroism.
  8049 | D:8      | 8049 ||| Stepping ~*~*~tactically~*~*~ (hiding).
  8051 | D:8      | 8051 ||| INVOKING Heroism.
  8058 | D:8      | Reached skill level 3 in Invocations
  8081 | D:8      | Noticed a three-headed hydra
  8083 | D:8      | 8083 ||| INVOKING Heroism.
  8090 | D:8      | Reached skill level 8 in Fighting
  8090 | D:8      | 8090 ||| SWAPPING to +1 morningstar of protection.
  8100 | D:8      | Killed a three-headed hydra
  8101 | D:8      | 8101 ||| SWAPPING to +2 war axe of electrocution.
  8314 | D:9      | 8314 ||| DRINKING 2 potions of curing.
  8314 | D:9      | 8314 ||| (to cure confusion)
  8350 | D:9      | 8350 ||| Stepping ~*~*~tactically~*~*~ (stealth).
  8351 | D:9      | 8351 ||| Stepping ~*~*~tactically~*~*~ (stealth).
  8354 | D:9      | 8354 ||| Stepping ~*~*~tactically~*~*~ (stealth).
  8360 | D:9      | 8360 ||| INVOKING Heroism.
  8523 | D:9      | Reached ** piety under Okawaru
  8525 | D:9      | Noticed a two-headed ogre
  8526 | D:9      | 8526 ||| INVOKING Heroism.
  8539 | D:9      | Killed a two-headed ogre
  8697 | D:9      | 8697 ||| INVOKING Heroism.
  8708 | D:9      | Reached skill level 9 in Fighting
  8708 | D:9      | Reached XP level 11. HP: 33/71 MP: 12/14
  8723 | D:9      | 8723 ||| INVOKING Heroism.
  8894 | D:9      | 8894 ||| Stepping ~*~*~tactically~*~*~ (hiding).
  8898 | D:9      | 8898 ||| INVOKING Heroism.
  8989 | D:9      | 8989 ||| READING 2 scrolls of enchant weapon.
  8989 | D:9      | 8989 ||| ENCHANTING +2 war axe of electrocution.
  8990 | D:9      | 8990 ||| READING scroll of enchant weapon.
  8990 | D:9      | 8990 ||| ENCHANTING +3 war axe of electrocution.
  8996 | D:9      | 8996 ||| INVOKING Heroism.
  9116 | D:9      | 9116 ||| INVOKING Heroism.
  9237 | D:9      | 9237 ||| Stepping ~*~*~tactically~*~*~ (stealth).
  9240 | D:9      | Noticed Pikel
  9241 | D:9      | 9241 ||| Stepping ~*~*~tactically~*~*~ (hiding).
  9259 | D:9      | Killed Pikel
  9261 | D:9      | 9261 ||| INVOKING Heroism.
  9361 | D:9      | 9361 ||| INVOKING Heroism.
  9404 | D:9      | Found a staircase to the Lair.
  9418 | D:9      | Reached skill level 12 in Axes
  9448 | D:9      | 9448 ||| READING scroll of enchant weapon.
  9448 | D:9      | 9448 ||| ENCHANTING +4 war axe of electrocution.
  9579 | D:9      | 9579 ||| PLANNING LAIR
  9579 | D:9      | 9579 ||| UPGRADING to +2 pair of gloves.
  9589 | D:9      | 9589 ||| DROPPING +1 pair of gloves.
  9590 | D:9      | 9590 ||| UPGRADING to amulet of regeneration.
  9595 | D:9      | 9595 ||| UPGRADING to ring of positive energy.
  9596 | D:9      | 9596 ||| READING scroll labelled HOARGH XIEH.
  9692 | Lair:1   | Entered Level 1 of the Lair of Beasts
  9744 | Lair:1   | 9744 ||| Stepping ~*~*~tactically~*~*~ (stealth).
  9746 | Lair:1   | 9746 ||| INVOKING Heroism.
  9762 | Lair:1   | Reached *** piety under Okawaru
  9763 | Lair:1   | Reached skill level 6 in Shields
  9906 | Lair:1   | 9906 ||| INVOKING Heroism.
  9910 | Lair:1   | Received a gift from Okawaru
 10180 | Lair:1   | Noticed Gastronok
 10181 | Lair:1   | 10181 ||| INVOKING Heroism.
 10194 | Lair:1   | Killed Gastronok
 10239 | Lair:1   | Reached **** piety under Okawaru
 10240 | Lair:1   | Reached skill level 10 in Fighting
 10466 | Lair:1   | 10466 ||| DROPPING amulet of magic regeneration.
 10611 | Lair:2   | 10611 ||| Stepping ~*~*~tactically~*~*~ (stealth).
 10612 | Lair:2   | 10612 ||| Stepping ~*~*~tactically~*~*~ (stealth).
 10717 | Lair:2   | 10717 ||| INVOKING Heroism.
 10727 | Lair:2   | Reached XP level 12. HP: 77/77 MP: 13/16
 10828 | Lair:2   | 10828 ||| READING scroll of enchant armour.
 10828 | Lair:2   | 10828 ||| ENCHANTING +0 helmet.
 11238 | Lair:2   | Found a blossoming altar of Fedhas.
 11260 | Lair:2   | 11260 ||| INVOKING Heroism.
 11287 | Lair:2   | Reached skill level 6 in Invocations
 11534 | Lair:2   | 11534 ||| READING scroll labelled AJOSEE LIXKEO.
 11701 | Lair:3   | 11701 ||| INVOKING Heroism.
 11763 | Lair:3   | 11763 ||| INVOKING Heroism.
 11932 | Lair:3   | 11932 ||| INVOKING Heroism.
 12009 | Lair:3   | Found a staircase to the Snake Pit.
 12075 | Lair:3   | Found a staircase to the Swamp.
 12321 | Lair:3   | 12321 ||| INVOKING Heroism.
 12775 | Lair:4   | 12775 ||| PLANNING GAUNTLET
 12789 | Lair:4   | You fall into a shaft and drop 1 floor!
 12789 | Lair:5   | Entered Level 5 of the Lair of Beasts
 12891 | Lair:5   | 12891 ||| INVOKING Heroism.
 12903 | Lair:5   | Reached ***** piety under Okawaru
 12976 | Lair:4   | Found a gate leading to a gauntlet.
 12985 | Gauntlet | Entered a Gauntlet
 12985 | Gauntlet | Found a transporter.
 12985 | Gauntlet | Found a transporter.
 12997 | Gauntlet | Found a transporter.
 13011 | Gauntlet | Found a large runed translucent door.
 13012 | Gauntlet | Found a large runed translucent door.
 13013 | Gauntlet | Found a large runed translucent door.
 13013 | Gauntlet | Found a large runed translucent door.
 13013 | Gauntlet | Found a large runed translucent door.
 13013 | Gauntlet | Found a large runed translucent door.
 13013 | Gauntlet | Found a large runed translucent door.
 13013 | Gauntlet | Found a large runed translucent door.
 13014 | Gauntlet | Found a runed translucent door.
 13014 | Gauntlet | Found a runed translucent gate.
 13015 | Gauntlet | Found a transporter.
 13015 | Gauntlet | Found a runed translucent gate.
 13015 | Gauntlet | Found a transporter.
 13015 | Gauntlet | Found a transporter.
 13018 | Gauntlet | Found a transporter.
 13018 | Gauntlet | Found a transporter.
 13020 | Gauntlet | Noticed a hell hog
 13029 | Gauntlet | Noticed a death yak
 13029 | Gauntlet | Noticed a death yak
 13030 | Gauntlet | Noticed a death yak
 13032 | Gauntlet | Found a transporter.
 13047 | Gauntlet | Found a runed translucent door.
 13048 | Gauntlet | Found a transporter.
 13049 | Gauntlet | Found a runed translucent door.
 13058 | Gauntlet | Found a transporter.
 13072 | Gauntlet | Found a transporter.
 13084 | Gauntlet | Found a large runed translucent door.
 13085 | Gauntlet | Found a large runed translucent door.
 13086 | Gauntlet | Found a large runed translucent door.
 13086 | Gauntlet | Found a large runed translucent door.
 13086 | Gauntlet | Found a large runed translucent door.
 13086 | Gauntlet | Found a large runed translucent door.
 13087 | Gauntlet | Found a runed translucent gate.
 13087 | Gauntlet | Found a large runed translucent door.
 13087 | Gauntlet | Found a runed translucent door.
 13087 | Gauntlet | Found a large runed translucent door.
 13092 | Gauntlet | Found a transporter.
 13104 | Gauntlet | Found a transporter.
 13139 | Gauntlet | 13139 ||| INVOKING Heroism.
 13139 | Gauntlet | HP: 13/77 [large abomination (21)]
 13142 | Gauntlet | Reached skill level 9 in Invocations
 13167 | Gauntlet | 13167 ||| INVOKING Heroism.
 13168 | Gauntlet | Received a gift from Okawaru
 13200 | Gauntlet | 13200 ||| SWAPPING to +0 broad axe of venom.
 13201 | Gauntlet | 13201 ||| DROPPING +5 war axe of electrocution.
 13204 | Gauntlet | Identified the +1 robe "Kuitest" {rPois rN+}
 13209 | Gauntlet | 13209 ||| READING scroll of enchant weapon.
 13209 | Gauntlet | 13209 ||| ENCHANTING +0 broad axe of venom.
 13230 | Gauntlet | 13230 ||| INVOKING Heroism.
 13267 | Gauntlet | 13267 ||| UPGRADING to ring of resist corrosion.
 13281 | Gauntlet | 13281 ||| INVOKING Heroism.
 13286 | Gauntlet | Reached XP level 13. HP: 82/82 MP: 16/20
 13324 | Gauntlet | 13324 ||| UPGRADING to +1 pair of gloves of strength.
 13334 | Gauntlet | 13334 ||| DROPPING +2 pair of gloves.
 13335 | Gauntlet | 13335 ||| READING 9 scrolls of identify.
 13335 | Gauntlet | 13335 ||| IDENTIFYING inky potion
 13336 | Gauntlet | 13336 ||| DRINKING potion of experience.
 13336 | Gauntlet | Gained mutation: Your large and strong wings let you fly.
                  | [Gargoyle growth]
 13336 | Gauntlet | Reached XP level 14. HP: 88/88 MP: 20/22
 13359 | Gauntlet | 13359 ||| Stepping ~*~*~tactically~*~*~ (hiding).
 13362 | Gauntlet | 13362 ||| INVOKING Heroism.
 13374 | Gauntlet | HP: 22/88 [minotaur/+1 great sword of electrocution (13)]
 13378 | Gauntlet | HP: 9/88 [minotaur/+1 great sword of electrocution (17)]
 13462 | Gauntlet | Identified the staff of death "Nenkobbu" {rPois rF++ rN+
                  | rCorr Dex-4}
 13520 | Gauntlet | 13520 ||| UPGRADING to +5 ring of evasion.
 13555 | Lair:4   | 13555 ||| PLANNING LAIR
 13816 | Lair:4   | 13816 ||| INVOKING Heroism.
 13861 | Lair:4   | 13861 ||| INVOKING Heroism.
 13889 | Lair:4   | Noticed Kirke
 13901 | Lair:4   | 13901 ||| DRINKING potion of cancellation.
 13909 | Lair:4   | Killed Kirke
 13932 | Lair:4   | 13932 ||| Stepping ~*~*~tactically~*~*~ (stealth).
 13935 | Lair:4   | 13935 ||| Stepping ~*~*~tactically~*~*~ (stealth).
 13957 | Lair:4   | 13957 ||| Stepping ~*~*~tactically~*~*~ (stealth).
 14035 | Lair:4   | Reached skill level 11 in Fighting
 14419 | Lair:4   | 14419 ||| UPGRADING to +6 ring of strength.
 14421 | Lair:4   | 14421 ||| DROPPING ring of positive energy.
 14422 | Lair:4   | 14422 ||| READING scroll labelled VUCYMN IBICYKABUXU.
 14488 | Lair:5   | Found a viscous altar of Jiyva.
 14488 | Lair:5   | Found a staircase to the Slime Pits.
 14497 | Lair:5   | 14497 ||| INVOKING Heroism.
 14542 | Lair:5   | 14542 ||| Stepping ~*~*~tactically~*~*~ (cloud).
 14549 | Lair:5   | Reached skill level 9 in Armour
 14603 | Lair:5   | 14603 ||| Stepping ~*~*~tactically~*~*~ (stealth).
 14609 | Lair:5   | 14609 ||| INVOKING Heroism.
 14616 | Lair:5   | 14616 ||| INVOKING Finesse.
 14628 | Lair:5   | Received a gift from Okawaru
 14857 | Lair:5   | 14857 ||| INVOKING Heroism.
 14870 | Lair:5   | Reached skill level 6 in Throwing
 14926 | Lair:5   | 14926 ||| INVOKING Heroism.
 14928 | Lair:5   | Reached skill level 15 in Axes
 14928 | Lair:5   | 14928 ||| Stepping ~*~*~tactically~*~*~ (hiding).
 14999 | Lair:5   | 14999 ||| INVOKING Heroism.
 15010 | Lair:5   | 15010 ||| INVOKING Finesse.
 15011 | Lair:5   | Received a gift from Okawaru
 15012 | Lair:5   | 15012 ||| Stepping ~*~*~tactically~*~*~ (hiding).
 15036 | Lair:5   | Reached skill level 12 in Fighting
 15079 | Lair:5   | 15079 ||| INVOKING Heroism.
 15080 | Lair:5   | 15080 ||| INVOKING Finesse.
 15133 | Lair:5   | 15133 ||| INVOKING Heroism.
 15134 | Lair:5   | 15134 ||| Stepping ~*~*~tactically~*~*~ (stealth).
 15136 | Lair:5   | Reached skill level 3 in Dodging
 15220 | Lair:5   | 15220 ||| Stepping ~*~*~tactically~*~*~ (stealth).
 15413 | Lair:5   | 15413 ||| Stepping ~*~*~tactically~*~*~ (stealth).
 15414 | Lair:5   | 15414 ||| Stepping ~*~*~tactically~*~*~ (stealth).
 15415 | Lair:5   | 15415 ||| Stepping ~*~*~tactically~*~*~ (stealth).
 15425 | Lair:5   | Reached XP level 15. HP: 95/96 MP: 23/23
 15438 | Lair:5   | 15438 ||| PLANNING D:1-11
 15438 | Lair:5   | 15438 ||| DROPPING +1 robe of resistance.
 15439 | Lair:5   | 15439 ||| UPGRADING to +0 plate armour.
 15449 | Lair:5   | 15449 ||| DROPPING +0 chain mail.
 15450 | Lair:5   | 15450 ||| READING scroll labelled JOIKLEUTOJ.
 15451 | Lair:5   | 15451 ||| READING 10 scrolls of identify.
 15451 | Lair:5   | 15451 ||| IDENTIFYING metallic white potion
 15452 | Lair:5   | 15452 ||| DROPPING potion of berserk rage.
 15674 | D:10     | Entered Level 10 of the Dungeon
 15691 | D:10     | 15691 ||| Stepping ~*~*~tactically~*~*~ (stealth).
 15775 | D:10     | 15775 ||| Stepping ~*~*~tactically~*~*~ (hiding).
 15903 | D:10     | 15903 ||| Stepping ~*~*~tactically~*~*~ (stealth).
 15916 | D:10     | 15916 ||| Stepping ~*~*~tactically~*~*~ (stealth).
 15917 | D:10     | 15917 ||| Stepping ~*~*~tactically~*~*~ (stealth).
 15919 | D:10     | 15919 ||| Stepping ~*~*~tactically~*~*~ (hiding).
 16109 | D:10     | Found Miataz's Weapon Boutique.
 16111 | D:10     | 16111 ||| Stepping ~*~*~tactically~*~*~ (stealth).
 16153 | D:10     | 16153 ||| Stepping ~*~*~tactically~*~*~ (hiding).
 16198 | D:10     | 16198 ||| Stepping ~*~*~tactically~*~*~ (stealth).
 16274 | D:10     | Found a broken altar of Ashenzari.
 16289 | D:10     | Received a gift from Okawaru
 16432 | D:10     | Found a staircase to the Orcish Mines.
 16457 | D:10     | 16457 ||| UPGRADING to +2 buckler.
 16467 | D:10     | 16467 ||| DROPPING +0 buckler.
 16641 | D:11     | 16641 ||| Stepping ~*~*~tactically~*~*~ (hiding).
 16642 | D:11     | 16642 ||| Stepping ~*~*~tactically~*~*~ (hiding).
 16643 | D:11     | 16643 ||| Stepping ~*~*~tactically~*~*~ (hiding).
 16645 | D:11     | 16645 ||| Stepping ~*~*~tactically~*~*~ (hiding).
 16646 | D:11     | 16646 ||| Stepping ~*~*~tactically~*~*~ (hiding).
 16647 | D:11     | 16647 ||| Stepping ~*~*~tactically~*~*~ (hiding).
 16878 | D:11     | 16878 ||| Stepping ~*~*~tactically~*~*~ (hiding).
 17044 | D:11     | Noticed Harold
 17045 | D:11     | 17045 ||| Stepping ~*~*~tactically~*~*~ (hiding).
 17056 | D:11     | Killed Harold
 17168 | D:11     | 17168 ||| Stepping ~*~*~tactically~*~*~ (hiding).
 17171 | D:11     | 17171 ||| Stepping ~*~*~tactically~*~*~ (hiding).
 17434 | D:11     | 17434 ||| Stepping ~*~*~tactically~*~*~ (hiding).
 17437 | D:11     | 17437 ||| Stepping ~*~*~tactically~*~*~ (hiding).
 17593 | D:11     | 17593 ||| PLANNING D
 17593 | D:11     | 17593 ||| READING 14 scrolls of identify.
 17593 | D:11     | 17593 ||| IDENTIFYING metallic clear potion
 17594 | D:11     | 17594 ||| READING 13 scrolls of identify.
 17594 | D:11     | 17594 ||| IDENTIFYING blue potion
 17595 | D:11     | 17595 ||| DROPPING potion of ambrosia.
 17672 | D:12     | 17672 ||| INVOKING Heroism.
 17686 | D:12     | Received a gift from Okawaru
 17710 | D:12     | Noticed a sphinx
 17715 | D:12     | 17715 ||| DRINKING 5 potions of curing.
 17715 | D:12     | 17715 ||| (to cure confusion)
 17726 | D:12     | Killed a sphinx
 17732 | D:12     | 17732 ||| INVOKING Heroism.
 17810 | D:12     | Identified the +2 ring mail "Vageg" {rElec}
 17855 | D:12     | Received a gift from Okawaru
 17905 | D:12     | Noticed Urug
 17906 | D:12     | 17906 ||| Stepping ~*~*~tactically~*~*~ (hiding).
 17911 | D:12     | 17911 ||| INVOKING Heroism.
 17917 | D:12     | Killed Urug
 17979 | D:12     | Noticed a sphinx
 18010 | D:12     | 18010 ||| Stepping ~*~*~tactically~*~*~ (hiding).
 18027 | D:12     | Killed a sphinx
 18027 | D:12     | Received a gift from Okawaru
 18097 | D:12     | 18097 ||| INVOKING Heroism.
 18197 | D:12     | 18197 ||| Stepping ~*~*~tactically~*~*~ (hiding).
 18199 | D:12     | 18199 ||| INVOKING Heroism.
 18246 | D:12     | 18246 ||| INVOKING Heroism.
 18496 | D:12     | 18496 ||| DROPPING +1 chain mail of willpower.
 18571 | D:13     | Noticed Sonja
 18572 | D:13     | 18572 ||| INVOKING Finesse.
 18584 | D:13     | 18584 ||| INVOKING Heroism.
 18588 | D:13     | Killed Sonja
 18700 | D:13     | 18700 ||| Stepping ~*~*~tactically~*~*~ (hiding).
 18701 | D:13     | 18701 ||| Stepping ~*~*~tactically~*~*~ (hiding).
 18704 | D:13     | 18704 ||| Stepping ~*~*~tactically~*~*~ (hiding).
 18771 | D:13     | 18771 ||| INVOKING Heroism.
 18777 | D:13     | 18777 ||| Stepping ~*~*~tactically~*~*~ (cloud).
 18782 | D:13     | 18782 ||| Stepping ~*~*~tactically~*~*~ (cloud).
 18804 | D:13     | 18804 ||| READING scroll of enchant armour.
 18804 | D:13     | 18804 ||| ENCHANTING +1 pair of gloves of strength.
 18850 | D:13     | 18850 ||| Stepping ~*~*~tactically~*~*~ (hiding).
 19147 | D:13     | Identified the +3 broad axe "Xaice" {freeze, rF++ rC+}
 19149 | D:13     | 19149 ||| SWAPPING to +3 broad axe "Xaice" {freeze, rF++
                  | rC+}.
 19150 | D:13     | 19150 ||| DROPPING +1 broad axe of venom.
 19355 | D:13     | 19355 ||| DROPPING +6 ring of intelligence.
 19513 | D:14     | 19513 ||| Stepping ~*~*~tactically~*~*~ (stealth).
 19565 | D:14     | 19565 ||| Stepping ~*~*~tactically~*~*~ (hiding).
 19566 | D:14     | 19566 ||| Stepping ~*~*~tactically~*~*~ (hiding).
 19685 | D:14     | 19685 ||| INVOKING Heroism.
 19759 | D:14     | 19759 ||| Stepping ~*~*~tactically~*~*~ (stealth).
 19766 | D:14     | 19766 ||| Stepping ~*~*~tactically~*~*~ (hiding).
 19799 | D:14     | 19799 ||| Stepping ~*~*~tactically~*~*~ (stealth).
 19814 | D:14     | 19814 ||| Stepping ~*~*~tactically~*~*~ (hiding).
 19828 | D:14     | Received a gift from Okawaru
 19845 | D:14     | 19845 ||| Stepping ~*~*~tactically~*~*~ (hiding).
 19887 | D:14     | 19887 ||| Stepping ~*~*~tactically~*~*~ (stealth).
 19888 | D:14     | 19888 ||| Stepping ~*~*~tactically~*~*~ (stealth).
 19925 | D:14     | Reached XP level 16. HP: 77/101 MP: 24/24
 20052 | D:14     | 20052 ||| INVOKING Heroism.
 20089 | D:14     | Found a gate to the Vaults.
 20091 | D:14     | Identified the +2 chain mail "Jatuizau" {Dex+5}
 20270 | D:14     | 20270 ||| Stepping ~*~*~tactically~*~*~ (stealth).
 20272 | D:14     | 20272 ||| Stepping ~*~*~tactically~*~*~ (hiding).
 20344 | D:14     | 20344 ||| DROPPING +2 chain mail "Jatuizau" {Dex+5}.
 20385 | D:15     | Entered Level 15 of the Dungeon
 20390 | D:15     | Noticed Azrael
 20391 | D:15     | 20391 ||| INVOKING Heroism.
 20392 | D:15     | 20392 ||| INVOKING Finesse.
 20404 | D:15     | Killed Azrael
 20405 | D:15     | Reached skill level 13 in Fighting
 20480 | D:15     | Found a shadowy altar of Dithmenos.
 20533 | D:15     | 20533 ||| INVOKING Heroism.
 20564 | D:15     | 20564 ||| Stepping ~*~*~tactically~*~*~ (stealth).
 20601 | D:15     | 20601 ||| Stepping ~*~*~tactically~*~*~ (stealth).
 20639 | D:15     | 20639 ||| Stepping ~*~*~tactically~*~*~ (stealth).
 20659 | D:15     | Received a gift from Okawaru
 20710 | D:15     | 20710 ||| Stepping ~*~*~tactically~*~*~ (stealth).
 20727 | D:15     | Reached skill level 12 in Armour
 20736 | D:15     | 20736 ||| INVOKING Heroism.
 20737 | D:15     | 20737 ||| INVOKING Finesse.
 20778 | D:15     | Found a staircase to the Depths.
 20800 | D:15     | 20800 ||| Stepping ~*~*~tactically~*~*~ (hiding).
 20802 | D:15     | 20802 ||| Stepping ~*~*~tactically~*~*~ (hiding).
 20804 | D:15     | 20804 ||| Stepping ~*~*~tactically~*~*~ (stealth).
 20950 | D:15     | 20950 ||| Stepping ~*~*~tactically~*~*~ (hiding).
 20951 | D:15     | 20951 ||| Stepping ~*~*~tactically~*~*~ (hiding).
 21151 | D:15     | 21151 ||| Stepping randomly (disturbance).
 21189 | D:15     | 21189 ||| Stepping ~*~*~tactically~*~*~ (hiding).
 21190 | D:15     | 21190 ||| Stepping ~*~*~tactically~*~*~ (hiding).
 21191 | D:15     | 21191 ||| Stepping ~*~*~tactically~*~*~ (hiding).
 21223 | D:15     | 21223 ||| INVOKING Heroism.
 21225 | D:15     | 21225 ||| Stepping ~*~*~tactically~*~*~ (stealth).
 21237 | D:15     | 21237 ||| Stepping ~*~*~tactically~*~*~ (stealth).
 21239 | D:15     | 21239 ||| Stepping ~*~*~tactically~*~*~ (hiding).
 21413 | D:15     | Received a gift from Okawaru
 21565 | D:15     | 21565 ||| PLANNING ORC
 21565 | D:15     | 21565 ||| READING scroll labelled HAFU UFUIGIPTI.
 21680 | Orc:1    | Entered Level 1 of the Orcish Mines
 21768 | Orc:1    | 21768 ||| Stepping ~*~*~tactically~*~*~ (stealth).
 21769 | Orc:1    | 21769 ||| INVOKING Heroism.
 21770 | Orc:1    | 21770 ||| INVOKING Finesse.
 22090 | Orc:2    | Entered Level 2 of the Orcish Mines
 22091 | Orc:2    | 22091 ||| INVOKING Heroism.
 22185 | Orc:2    | 22185 ||| UPGRADING to +4 plate armour.
 22195 | Orc:2    | 22195 ||| DROPPING +0 plate armour.
 22223 | Orc:1    | Paralysed by an orc sorcerer for 3 turns
 22227 | Orc:1    | 22227 ||| INVOKING Heroism.
 22228 | Orc:1    | 22228 ||| INVOKING Finesse.
 22244 | Orc:1    | HP: 8/104 [orc warlord/+1 heavy long sword (36)]
 22245 | Orc:1    | 22245 ||| READING 7 scrolls of teleportation.
 22246 | Orc:1    | 22246 ||| DRINKING 3 potions of heal wounds.
 22247 | Orc:1    | 22247 ||| DRINKING 2 potions of heal wounds.
 22462 | Orc:2    | 22462 ||| Stepping ~*~*~tactically~*~*~ (stealth).
 22463 | Orc:2    | 22463 ||| Stepping ~*~*~tactically~*~*~ (hiding).
 22467 | Orc:2    | 22467 ||| Stepping ~*~*~tactically~*~*~ (hiding).
 22468 | Orc:2    | 22468 ||| Stepping ~*~*~tactically~*~*~ (hiding).
 22471 | Orc:2    | Reached skill level 18 in Axes
 22475 | Orc:2    | 22475 ||| Stepping ~*~*~tactically~*~*~ (stealth).
 22483 | Orc:2    | Received a gift from Okawaru
 22487 | Orc:2    | 22487 ||| Stepping ~*~*~tactically~*~*~ (hiding).
 22490 | Orc:2    | 22490 ||| INVOKING Heroism.
 22507 | Orc:2    | Paralysed by an ogre mage for 3 turns
 22513 | Orc:2    | Reached skill level 9 in Shields
 22524 | Orc:2    | Received a gift from Okawaru
 22528 | Orc:2    | 22528 ||| Stepping ~*~*~tactically~*~*~ (stealth).
 22546 | Orc:2    | 22546 ||| Stepping ~*~*~tactically~*~*~ (hiding).
 22553 | Orc:2    | 22553 ||| INVOKING Heroism.
 22566 | Orc:2    | 22566 ||| Stepping ~*~*~tactically~*~*~ (stealth).
 22569 | Orc:2    | 22569 ||| Stepping ~*~*~tactically~*~*~ (stealth).
 22570 | Orc:2    | 22570 ||| Stepping ~*~*~tactically~*~*~ (stealth).
 22573 | Orc:2    | 22573 ||| Stepping ~*~*~tactically~*~*~ (stealth).
 22573 | Orc:2    | Found Lajugunn's Magic Scroll Shoppe.
 22573 | Orc:2    | Found Joddat's Jewellery Shop.
 22648 | Orc:2    | 22648 ||| INVOKING Heroism.
 22651 | Orc:2    | Reached skill level 14 in Fighting
 22713 | Orc:2    | Found Tukhab's Assorted Antiques.
 22715 | Orc:2    | Found Jissaof's Armour Shoppe.
 22734 | Orc:2    | 22734 ||| BUYING scroll of teleportation (39 gold).
 22734 | Orc:2    | Bought a scroll of teleportation for 39 gold pieces
 22735 | Orc:2    | 22735 ||| BUYING amulet of reflection (360 gold).
 22735 | Orc:2    | Bought an amulet of reflection for 360 gold pieces
 22735 | Orc:2    | 22735 ||| BUYING ring of protection from fire (300 gold).
 22735 | Orc:2    | Bought a ring of protection from fire for 300 gold pieces
 22743 | Orc:2    | 22743 ||| DROPPING scarf of shadows.
 22745 | Orc:2    | 22745 ||| BUYING scroll of teleportation (81 gold).
 22745 | Orc:2    | Bought a scroll of teleportation for 81 gold pieces
 22809 | Orc:2    | Found a staircase to the Elven Halls.
 22819 | Orc:2    | Found a bloodstained altar of Trog.
 22876 | Orc:2    | Found a burning altar of Makhleb.
 22877 | Orc:2    | 22877 ||| Stepping ~*~*~tactically~*~*~ (stealth).
 23144 | Orc:2    | 23144 ||| PLANNING SWAMP:1-3
 23144 | Orc:2    | 23144 ||| UPGRADING to amulet of reflection.
 23154 | Orc:2    | 23154 ||| DROPPING amulet of regeneration.
 23404 | Swamp:1  | Entered Level 1 of the Swamp
 23424 | Swamp:1  | 23424 ||| Stepping ~*~*~tactically~*~*~ (hiding).
 23426 | Swamp:1  | 23426 ||| INVOKING Heroism.
 23438 | Swamp:1  | Reached XP level 17. HP: 96/111 MP: 25/25
 23499 | Swamp:1  | 23499 ||| Stepping ~*~*~tactically~*~*~ (hiding).
 23520 | Swamp:1  | 23520 ||| INVOKING Heroism.
 23615 | Swamp:1  | 23615 ||| Stepping ~*~*~tactically~*~*~ (stealth).
 23617 | Swamp:1  | 23617 ||| INVOKING Heroism.
 23808 | Swamp:1  | 23808 ||| Stepping ~*~*~tactically~*~*~ (hiding).
 23915 | Swamp:1  | Found a transporter.
 23921 | Swamp:1  | Found a transporter.
 23921 | Swamp:1  | Noticed qw's ghost (adept GrCA)
 23928 | Swamp:1  | 23928 ||| READING scroll of enchant armour.
 23928 | Swamp:1  | 23928 ||| ENCHANTING +1 helmet.
 23974 | Swamp:1  | 23974 ||| Stepping ~*~*~tactically~*~*~ (hiding).
 24053 | Swamp:1  | 24053 ||| INVOKING Heroism.
 24058 | Swamp:1  | 24058 ||| SWAPPING to +1 morningstar of protection.
 24066 | Swamp:1  | 24066 ||| SWAPPING to +3 broad axe "Xaice" {freeze, rF++
                  | rC+}.
 24112 | Swamp:1  | 24112 ||| INVOKING Heroism.
 24151 | Swamp:1  | 24151 ||| SWAPPING to +1 morningstar of protection.
 24160 | Swamp:1  | 24160 ||| SWAPPING to +3 broad axe "Xaice" {freeze, rF++
                  | rC+}.
 24161 | Swamp:1  | Found a shadowy altar of Dithmenos.
 24172 | Swamp:1  | 24172 ||| READING scroll of enchant armour.
 24172 | Swamp:1  | 24172 ||| ENCHANTING +0 pair of boots.
 24217 | Swamp:1  | 24217 ||| INVOKING Heroism.
 24289 | Swamp:1  | 24289 ||| Stepping ~*~*~tactically~*~*~ (stealth).
 24291 | Swamp:1  | 24291 ||| Stepping ~*~*~tactically~*~*~ (stealth).
 24294 | Swamp:1  | 24294 ||| Stepping ~*~*~tactically~*~*~ (stealth).
 24303 | Swamp:1  | 24303 ||| INVOKING Heroism.
 24314 | Swamp:1  | 24314 ||| Stepping ~*~*~tactically~*~*~ (hiding).
 24315 | Swamp:1  | 24315 ||| Stepping ~*~*~tactically~*~*~ (hiding).
 24317 | Swamp:1  | 24317 ||| Stepping ~*~*~tactically~*~*~ (hiding).
 24353 | Swamp:1  | 24353 ||| Stepping ~*~*~tactically~*~*~ (stealth).
 24356 | Swamp:1  | 24356 ||| Stepping ~*~*~tactically~*~*~ (stealth).
 24395 | Swamp:1  | 24395 ||| Stepping ~*~*~tactically~*~*~ (stealth).
 24396 | Swamp:1  | 24396 ||| Stepping ~*~*~tactically~*~*~ (stealth).
 24437 | Swamp:1  | 24437 ||| Stepping ~*~*~tactically~*~*~ (stealth).
 24444 | Swamp:1  | 24444 ||| Stepping ~*~*~tactically~*~*~ (hiding).
 24558 | Swamp:1  | 24558 ||| INVOKING Heroism.
 24676 | Swamp:2  | 24676 ||| INVOKING Heroism.
 24680 | Swamp:2  | Reached skill level 15 in Fighting
 24892 | Swamp:2  | 24892 ||| INVOKING Heroism.
 24894 | Swamp:2  | 24894 ||| SWAPPING to +1 morningstar of protection.
 24901 | Swamp:2  | 24901 ||| SWAPPING to +3 broad axe "Xaice" {freeze, rF++
                  | rC+}.
 24950 | Swamp:2  | 24950 ||| Stepping ~*~*~tactically~*~*~ (stealth).
 24954 | Swamp:2  | 24954 ||| INVOKING Heroism.
 24955 | Swamp:2  | Paralysed by a fenstrider witch for 4 turns
 24966 | Swamp:2  | Paralysed by a fenstrider witch for 5 turns
 25025 | Swamp:2  | 25025 ||| INVOKING Heroism.
 25207 | Swamp:2  | Noticed qw's ghost (adept GrCA)
 25221 | Swamp:2  | Found a transporter.
 25238 | Swamp:2  | 25238 ||| INVOKING Heroism.
 25340 | Swamp:2  | 25340 ||| INVOKING Heroism.
 25344 | Swamp:2  | 25344 ||| SWAPPING to +1 morningstar of protection.
 25348 | Swamp:2  | 25348 ||| SWAPPING to +3 broad axe "Xaice" {freeze, rF++
                  | rC+}.
 25365 | Swamp:2  | 25365 ||| Stepping ~*~*~tactically~*~*~ (hiding).
 25367 | Swamp:2  | 25367 ||| Stepping ~*~*~tactically~*~*~ (hiding).
 25372 | Swamp:2  | Received a gift from Okawaru
 25512 | Swamp:2  | Found a transporter.
 25800 | Swamp:3  | 25800 ||| INVOKING Heroism.
 25970 | Swamp:3  | 25970 ||| Stepping ~*~*~tactically~*~*~ (stealth).
 25971 | Swamp:3  | 25971 ||| Stepping ~*~*~tactically~*~*~ (stealth).
 25975 | Swamp:3  | 25975 ||| Stepping ~*~*~tactically~*~*~ (stealth).
 25992 | Swamp:3  | 25992 ||| Stepping ~*~*~tactically~*~*~ (stealth).
 25993 | Swamp:3  | 25993 ||| INVOKING Heroism.
 25994 | Swamp:3  | 25994 ||| Stepping ~*~*~tactically~*~*~ (stealth).
 26001 | Swamp:3  | 26001 ||| SWAPPING to +1 morningstar of protection.
 26006 | Swamp:3  | 26006 ||| SWAPPING to +3 broad axe "Xaice" {freeze, rF++
                  | rC+}.
 26216 | Swamp:3  | 26216 ||| Stepping ~*~*~tactically~*~*~ (hiding).
 26219 | Swamp:3  | 26219 ||| INVOKING Heroism.
 26294 | Swamp:3  | 26294 ||| Stepping ~*~*~tactically~*~*~ (hiding).
 26297 | Swamp:3  | 26297 ||| INVOKING Heroism.
 26327 | Swamp:3  | 26327 ||| Stepping ~*~*~tactically~*~*~ (hiding).
 26329 | Swamp:3  | 26329 ||| Stepping ~*~*~tactically~*~*~ (hiding).
 26613 | Swamp:3  | 26613 ||| READING scroll of enchant armour.
 26613 | Swamp:3  | 26613 ||| ENCHANTING +1 pair of boots.
 26727 | Swamp:3  | 26727 ||| PLANNING SNAKE:1-3
 26793 | Snake:1  | Entered Level 1 of the Snake Pit
 26901 | Snake:1  | 26901 ||| Stepping ~*~*~tactically~*~*~ (hiding).
 27081 | Snake:1  | 27081 ||| Stepping ~*~*~tactically~*~*~ (hiding).
 27085 | Snake:1  | 27085 ||| INVOKING Heroism.
 27103 | Snake:1  | 27103 ||| Stepping ~*~*~tactically~*~*~ (hiding).
 27105 | Snake:1  | 27105 ||| Stepping ~*~*~tactically~*~*~ (hiding).
 27224 | Snake:1  | Identified the +1 demon trident "Yturaili" {drain, Will+}
 27883 | Snake:1  | 27883 ||| Stepping ~*~*~tactically~*~*~ (hiding).
 27939 | Snake:1  | 27939 ||| Stepping ~*~*~tactically~*~*~ (stealth).
 28146 | Snake:1  | 28146 ||| Stepping ~*~*~tactically~*~*~ (hiding).
 28150 | Snake:1  | 28150 ||| Stepping ~*~*~tactically~*~*~ (hiding).
 28151 | Snake:1  | 28151 ||| Stepping ~*~*~tactically~*~*~ (hiding).
 28156 | Snake:1  | 28156 ||| INVOKING Heroism.
 28168 | Snake:1  | Received a gift from Okawaru
 28169 | Snake:1  | Reached skill level 16 in Fighting
 28296 | Snake:1  | 28296 ||| UPGRADING to +1 kite shield of positive energy.
 28306 | Snake:1  | 28306 ||| DROPPING +2 buckler.
 28307 | Snake:1  | 28307 ||| READING scroll labelled JEUBOKAMON.
 28407 | Snake:2  | Noticed Nikola
 28408 | Snake:2  | 28408 ||| INVOKING Heroism.
 28427 | Snake:2  | HP: 19/115 [Nikola/arc of chain lightning (43)]
 28428 | Snake:2  | 28428 ||| READING 9 scrolls of teleportation.
 28429 | Snake:2  | 28429 ||| DRINKING 3 potions of heal wounds.
 28645 | Snake:2  | 28645 ||| Stepping ~*~*~tactically~*~*~ (hiding).
 28646 | Snake:2  | 28646 ||| Stepping ~*~*~tactically~*~*~ (hiding).
 28648 | Snake:2  | 28648 ||| Stepping ~*~*~tactically~*~*~ (hiding).
 28649 | Snake:2  | 28649 ||| Stepping ~*~*~tactically~*~*~ (hiding).
 28650 | Snake:2  | 28650 ||| Stepping ~*~*~tactically~*~*~ (hiding).
 28651 | Snake:2  | 28651 ||| Stepping ~*~*~tactically~*~*~ (hiding).
 28653 | Snake:2  | 28653 ||| INVOKING Heroism.
 28664 | Snake:2  | Killed Nikola
 28896 | Snake:2  | 28896 ||| Stepping ~*~*~tactically~*~*~ (hiding).
 28937 | Snake:2  | 28937 ||| Stepping ~*~*~tactically~*~*~ (hiding).
 28938 | Snake:2  | 28938 ||| INVOKING Heroism.
 28944 | Snake:2  | Reached XP level 18. HP: 120/120 MP: 24/26
 28957 | Snake:2  | 28957 ||| DROPPING +1 morningstar of protection.
 29917 | Snake:2  | Noticed Aizul
 29919 | Snake:2  | 29919 ||| INVOKING Heroism.
 29930 | Snake:2  | Killed Aizul
 30034 | Snake:2  | 30034 ||| UPGRADING to +2 helmet of see invisible.
 30044 | Snake:2  | 30044 ||| DROPPING +2 helmet.
 30104 | Snake:3  | Received a gift from Okawaru
 30131 | Snake:3  | 30131 ||| INVOKING Heroism.
 30145 | Snake:3  | Reached skill level 12 in Shields
 30211 | Snake:3  | 30211 ||| Stepping ~*~*~tactically~*~*~ (stealth).
 30365 | Snake:3  | 30365 ||| Stepping ~*~*~tactically~*~*~ (hiding).
 30512 | Snake:3  | 30512 ||| Stepping ~*~*~tactically~*~*~ (hiding).
 30520 | Snake:3  | 30520 ||| Stepping ~*~*~tactically~*~*~ (hiding).
 30699 | Snake:3  | 30699 ||| Stepping ~*~*~tactically~*~*~ (hiding).
 30714 | Snake:3  | 30714 ||| INVOKING Heroism.
 30902 | Snake:3  | 30902 ||| Stepping ~*~*~tactically~*~*~ (hiding).
 30904 | Snake:3  | 30904 ||| INVOKING Heroism.
 30937 | Snake:3  | 30937 ||| PLANNING SWAMP:4
 31058 | Swamp:4  | Entered Level 4 of the Swamp
 31059 | Swamp:4  | 31059 ||| INVOKING Heroism.
 31069 | Swamp:4  | 31069 ||| Stepping ~*~*~tactically~*~*~ (hiding).
 31097 | Swamp:4  | 31097 ||| Stepping ~*~*~tactically~*~*~ (cloud).
 31198 | Swamp:4  | 31198 ||| INVOKING Heroism.
 31335 | Swamp:4  | 31335 ||| Stepping ~*~*~tactically~*~*~ (hiding).
 31337 | Swamp:4  | 31337 ||| Stepping ~*~*~tactically~*~*~ (hiding).
 31338 | Swamp:4  | 31338 ||| Stepping ~*~*~tactically~*~*~ (hiding).
 31488 | Swamp:4  | 31488 ||| Stepping ~*~*~tactically~*~*~ (stealth).
 31491 | Swamp:4  | 31491 ||| Stepping ~*~*~tactically~*~*~ (stealth).
 31493 | Swamp:4  | 31493 ||| Stepping ~*~*~tactically~*~*~ (hiding).
 31592 | Swamp:4  | 31592 ||| Stepping ~*~*~tactically~*~*~ (stealth).
 31595 | Swamp:4  | 31595 ||| Stepping ~*~*~tactically~*~*~ (stealth).
 31658 | Swamp:4  | 31658 ||| INVOKING Heroism.
 31797 | Swamp:4  | 31797 ||| Stepping ~*~*~tactically~*~*~ (stealth).
 31803 | Swamp:4  | 31803 ||| Stepping ~*~*~tactically~*~*~ (hiding).
 31804 | Swamp:4  | 31804 ||| Stepping ~*~*~tactically~*~*~ (hiding).
 31806 | Swamp:4  | 31806 ||| Stepping ~*~*~tactically~*~*~ (hiding).
 31807 | Swamp:4  | 31807 ||| Stepping ~*~*~tactically~*~*~ (hiding).
 31924 | Swamp:4  | 31924 ||| INVOKING Heroism.
 31942 | Swamp:4  | 31942 ||| Stepping ~*~*~tactically~*~*~ (hiding).
 31979 | Swamp:4  | 31979 ||| INVOKING Heroism.
 31998 | Swamp:4  | Received a gift from Okawaru
 32017 | Swamp:4  | Reached skill level 15 in Shields
 32017 | Swamp:4  | 32017 ||| Stepping ~*~*~tactically~*~*~ (hiding).
 32021 | Swamp:4  | 32021 ||| Stepping ~*~*~tactically~*~*~ (hiding).
 32040 | Swamp:4  | HP: 30/120 [13-headed hydra (5)]
 32041 | Swamp:4  | 32041 ||| READING 8 scrolls of teleportation.
 32042 | Swamp:4  | 32042 ||| DRINKING 2 potions of heal wounds.
 32044 | Swamp:4  | 32044 ||| INVOKING Heroism.
 32065 | Swamp:4  | 32065 ||| Stepping ~*~*~tactically~*~*~ (stealth).
 32097 | Swamp:4  | 32097 ||| Stepping ~*~*~tactically~*~*~ (stealth).
 32243 | Swamp:4  | 32243 ||| Stepping ~*~*~tactically~*~*~ (stealth).
 32246 | Swamp:4  | 32246 ||| INVOKING Heroism.
 32302 | Swamp:4  | Got a decaying rune of Zot
 32319 | Swamp:4  | 32319 ||| Stepping ~*~*~tactically~*~*~ (hiding).
 32451 | Swamp:4  | 32451 ||| Stepping ~*~*~tactically~*~*~ (hiding).
 32569 | Swamp:4  | 32569 ||| Stepping ~*~*~tactically~*~*~ (hiding).
 32573 | Swamp:4  | 32573 ||| INVOKING Heroism.
 32769 | Swamp:4  | 32769 ||| PLANNING VAULTS:1-4
 33069 | Vaults:1 | Entered Level 1 of the Vaults
 33080 | Vaults:1 | Received a gift from Okawaru
 33081 | Vaults:1 | Reached skill level 15 in Armour
 33081 | Vaults:1 | 33081 ||| STAIRDANCE
 33170 | Vaults:1 | 33170 ||| Stepping ~*~*~tactically~*~*~ (hiding).
 33174 | Vaults:1 | 33174 ||| Stepping ~*~*~tactically~*~*~ (hiding).
 33176 | Vaults:1 | 33176 ||| PLANNING D:1-11
 33197 | Vaults:1 | Reached XP level 19. HP: 108/126 MP: 27/27
 33198 | Vaults:1 | 33198 ||| INVOKING Heroism.
 33619 | D:1      | 33619 ||| PLANNING LAIR
 33946 | Lair:5   | 33946 ||| PLANNING D:1-11
 34393 | D:11     | 34393 ||| PLANNING D
 34459 | D:15     | 34459 ||| PLANNING ORC
 34595 | Orc:1    | Paralysed by an orc sorcerer for 4 turns
 34605 | Orc:1    | 34605 ||| INVOKING Heroism.
 34606 | Orc:1    | 34606 ||| INVOKING Finesse.
 34691 | Orc:1    | Found the +10 tower shield of Ignorance {rN+ Int-4}
 34714 | Orc:1    | Found a runed translucent door.
 34744 | Orc:1    | Found a runed translucent door.
 34854 | Orc:2    | 34854 ||| PLANNING SNAKE:1-3
 35131 | Snake:3  | 35131 ||| PLANNING SWAMP:1-3
 35213 | Swamp:3  | 35213 ||| PLANNING SNAKE:4
 35302 | Snake:4  | Entered Level 4 of the Snake Pit
 35303 | Snake:4  | 35303 ||| Stepping ~*~*~tactically~*~*~ (hiding).
 35308 | Snake:4  | Reached skill level 17 in Fighting
 35431 | Snake:4  | 35431 ||| READING scroll of enchant armour.
 35431 | Snake:4  | 35431 ||| ENCHANTING +4 plate armour.
 35510 | Snake:4  | 35510 ||| Stepping ~*~*~tactically~*~*~ (hiding).
 35511 | Snake:4  | 35511 ||| Stepping ~*~*~tactically~*~*~ (hiding).
 35559 | Snake:4  | 35559 ||| Stepping ~*~*~tactically~*~*~ (stealth).
 35561 | Snake:4  | 35561 ||| Stepping ~*~*~tactically~*~*~ (stealth).
 35562 | Snake:4  | 35562 ||| Stepping ~*~*~tactically~*~*~ (stealth).
 35565 | Snake:4  | 35565 ||| Stepping ~*~*~tactically~*~*~ (stealth).
 35566 | Snake:4  | 35566 ||| INVOKING Heroism.
 35604 | Snake:4  | 35604 ||| Stepping ~*~*~tactically~*~*~ (hiding).
 35607 | Snake:4  | 35607 ||| Stepping ~*~*~tactically~*~*~ (hiding).
 35608 | Snake:4  | 35608 ||| INVOKING Heroism.
 35610 | Snake:4  | 35610 ||| Stepping ~*~*~tactically~*~*~ (hiding).
 35632 | Snake:4  | 35632 ||| Stepping ~*~*~tactically~*~*~ (stealth).
 35670 | Snake:4  | 35670 ||| INVOKING Heroism.
 35940 | Snake:4  | 35940 ||| Stepping ~*~*~tactically~*~*~ (hiding).
 35941 | Snake:4  | 35941 ||| Stepping ~*~*~tactically~*~*~ (hiding).
 35942 | Snake:4  | 35942 ||| Stepping ~*~*~tactically~*~*~ (hiding).
 35943 | Snake:4  | 35943 ||| INVOKING Heroism.
 36465 | Snake:4  | 36465 ||| Stepping ~*~*~tactically~*~*~ (hiding).
 36487 | Snake:4  | 36487 ||| Stepping ~*~*~tactically~*~*~ (hiding).
 36533 | Snake:4  | 36533 ||| Stepping ~*~*~tactically~*~*~ (hiding).
 36547 | Snake:4  | 36547 ||| INVOKING Heroism.
 36705 | Snake:4  | 36705 ||| INVOKING Heroism.
 36897 | Snake:4  | 36897 ||| Stepping ~*~*~tactically~*~*~ (hiding).
 36898 | Snake:4  | 36898 ||| Stepping ~*~*~tactically~*~*~ (hiding).
 36899 | Snake:4  | 36899 ||| Stepping ~*~*~tactically~*~*~ (hiding).
 36900 | Snake:4  | 36900 ||| Stepping ~*~*~tactically~*~*~ (hiding).
 36901 | Snake:4  | 36901 ||| INVOKING Heroism.
 36994 | Snake:4  | 36994 ||| Stepping ~*~*~tactically~*~*~ (hiding).
 37071 | Snake:4  | 37071 ||| INVOKING Heroism.
 37180 | Snake:4  | 37180 ||| INVOKING Heroism.
 37233 | Snake:4  | 37233 ||| INVOKING Heroism.
 37347 | Snake:4  | Got a serpentine rune of Zot
 37598 | Snake:4  | 37598 ||| PLANNING VAULTS:1-4
 37598 | Snake:4  | 37598 ||| UPGRADING to +0 tower shield.
 37608 | Snake:4  | 37608 ||| DROPPING +1 kite shield of protection.
 37609 | Snake:4  | 37609 ||| DROPPING +1 kite shield of positive energy.
 37988 | Vaults:1 | 37988 ||| Stepping ~*~*~tactically~*~*~ (stealth).
 37990 | Vaults:1 | 37990 ||| Stepping ~*~*~tactically~*~*~ (hiding).
 37991 | Vaults:1 | 37991 ||| Stepping ~*~*~tactically~*~*~ (hiding).
 37992 | Vaults:1 | 37992 ||| Stepping ~*~*~tactically~*~*~ (hiding).
 37993 | Vaults:1 | 37993 ||| Stepping ~*~*~tactically~*~*~ (hiding).
 38002 | Vaults:1 | 38002 ||| Stepping ~*~*~tactically~*~*~ (hiding).
 38004 | Vaults:1 | 38004 ||| Stepping ~*~*~tactically~*~*~ (hiding).
 38005 | Vaults:1 | 38005 ||| Stepping ~*~*~tactically~*~*~ (hiding).
 38011 | Vaults:1 | 38011 ||| Stepping ~*~*~tactically~*~*~ (hiding).
 38036 | Vaults:1 | 38036 ||| Stepping ~*~*~tactically~*~*~ (hiding).
 38037 | Vaults:1 | 38037 ||| Stepping ~*~*~tactically~*~*~ (hiding).
 38039 | Vaults:1 | 38039 ||| Stepping ~*~*~tactically~*~*~ (hiding).
 38043 | Vaults:1 | 38043 ||| Stepping ~*~*~tactically~*~*~ (hiding).
 38044 | Vaults:1 | 38044 ||| Stepping ~*~*~tactically~*~*~ (hiding).
 38045 | Vaults:1 | 38045 ||| Stepping ~*~*~tactically~*~*~ (hiding).
 38059 | Vaults:1 | 38059 ||| Stepping ~*~*~tactically~*~*~ (stealth).
 38085 | Vaults:1 | 38085 ||| Stepping ~*~*~tactically~*~*~ (stealth).
 38199 | Vaults:1 | 38199 ||| INVOKING Heroism.
 38403 | Vaults:1 | Found Zeryofoh's Antique Weapon Shoppe.
 38476 | Vaults:1 | 38476 ||| Stepping ~*~*~tactically~*~*~ (hiding).
 38480 | Vaults:1 | Received a gift from Okawaru
 38599 | Vaults:1 | Reached XP level 20. HP: 124/136 MP: 28/28
 38712 | Vaults:1 | Received a gift from Okawaru
 38799 | Vaults:1 | 38799 ||| Stepping ~*~*~tactically~*~*~ (hiding).
 38900 | Vaults:1 | Identified the +10 halberd "Enlughano" {pain, Contam rElec
                  | rF+ Str+7}
 38906 | Vaults:1 | 38906 ||| Stepping ~*~*~tactically~*~*~ (stealth).
 38907 | Vaults:1 | 38907 ||| Stepping ~*~*~tactically~*~*~ (stealth).
 39152 | Vaults:1 | Reached skill level 18 in Shields
 39306 | Vaults:1 | 39306 ||| Stepping ~*~*~tactically~*~*~ (hiding).
 39308 | Vaults:1 | 39308 ||| Stepping ~*~*~tactically~*~*~ (hiding).
 39309 | Vaults:1 | 39309 ||| Stepping ~*~*~tactically~*~*~ (hiding).
 39328 | Vaults:1 | 39328 ||| INVOKING Heroism.
 39479 | Vaults:1 | You are sucked into a shaft and drop 1 floor!
 39518 | Vaults:2 | 39518 ||| Stepping ~*~*~tactically~*~*~ (hiding).
 39552 | Vaults:2 | 39552 ||| Stepping ~*~*~tactically~*~*~ (hiding).
 39553 | Vaults:2 | 39553 ||| Stepping ~*~*~tactically~*~*~ (hiding).
 40078 | Vaults:2 | 40078 ||| STAIRDANCE
 40192 | Vaults:2 | 40192 ||| STAIRDANCE
 40195 | Vaults:1 | 40195 ||| INVOKING Heroism.
 40302 | Vaults:2 | Received a gift from Okawaru
 40410 | Vaults:2 | 40410 ||| Stepping ~*~*~tactically~*~*~ (stealth).
 40428 | Vaults:2 | 40428 ||| INVOKING Heroism.
 40445 | Vaults:2 | Received a gift from Okawaru
 40602 | Vaults:2 | 40602 ||| Stepping ~*~*~tactically~*~*~ (hiding).
 40621 | Vaults:2 | 40621 ||| INVOKING Heroism.
 40643 | Vaults:2 | 40643 ||| Stepping ~*~*~tactically~*~*~ (hiding).
 40646 | Vaults:2 | 40646 ||| INVOKING Heroism.
 40647 | Vaults:2 | 40647 ||| Stepping ~*~*~tactically~*~*~ (hiding).
 40658 | Vaults:2 | Reached skill level 9 in Throwing
 40663 | Vaults:2 | Received a gift from Okawaru
 40901 | Vaults:2 | 40901 ||| Stepping ~*~*~tactically~*~*~ (hiding).
 40902 | Vaults:2 | 40902 ||| Stepping ~*~*~tactically~*~*~ (hiding).
 41034 | Vaults:2 | 41034 ||| Stepping ~*~*~tactically~*~*~ (hiding).
 41056 | Vaults:2 | 41056 ||| Stepping ~*~*~tactically~*~*~ (hiding).
 41070 | Vaults:2 | 41070 ||| INVOKING Heroism.
 41205 | Vaults:2 | Found a staircase to the Crypt.
 41238 | Vaults:2 | 41238 ||| Stepping ~*~*~tactically~*~*~ (hiding).
 41240 | Vaults:2 | 41240 ||| Stepping ~*~*~tactically~*~*~ (hiding).
 41312 | Vaults:2 | 41312 ||| Stepping ~*~*~tactically~*~*~ (stealth).
 41314 | Vaults:2 | 41314 ||| Stepping ~*~*~tactically~*~*~ (hiding).
 41339 | Vaults:2 | 41339 ||| Stepping ~*~*~tactically~*~*~ (stealth).
 41470 | Vaults:2 | 41470 ||| Stepping ~*~*~tactically~*~*~ (hiding).
 41692 | Vaults:2 | Identified the scarf "Hunytwo" {harm, rCorr} (Okawaru
                  | gifted it to you on level 2 of the Vaults)
 41692 | Vaults:2 | Received a gift from Okawaru
 41721 | Vaults:2 | 41721 ||| Stepping ~*~*~tactically~*~*~ (hiding).
 41723 | Vaults:2 | 41723 ||| PLANNING D:1-11
 41724 | Vaults:2 | 41724 ||| Stepping ~*~*~tactically~*~*~ (hiding).
 41728 | Vaults:2 | Reached skill level 18 in Fighting
 41728 | Vaults:2 | 41728 ||| INVOKING Heroism.
 42076 | D:1      | 42076 ||| PLANNING LAIR
 42403 | Lair:5   | 42403 ||| PLANNING D:1-11
 42850 | D:11     | 42850 ||| PLANNING D
 42916 | D:15     | 42916 ||| PLANNING ORC
 43057 | Orc:2    | 43057 ||| PLANNING SNAKE:1-3
 43334 | Snake:3  | 43334 ||| PLANNING SWAMP:1-3
 43416 | Swamp:3  | 43416 ||| PLANNING SNAKE:4
 43506 | Snake:4  | 43506 ||| PLANNING VAULTS:1-4
 43885 | Vaults:2 | 43885 ||| Stepping ~*~*~tactically~*~*~ (stealth).
 43886 | Vaults:2 | 43886 ||| Stepping ~*~*~tactically~*~*~ (stealth).
 43898 | Vaults:2 | 43898 ||| INVOKING Heroism.
 44108 | Vaults:2 | 44108 ||| Stepping ~*~*~tactically~*~*~ (stealth).
 44280 | Vaults:2 | Reached XP level 21. HP: 130/141 MP: 29/29
 44599 | Vaults:3 | 44599 ||| PLANNING WIZLAB
 44736 | Vaults:3 | 44736 ||| Stepping ~*~*~tactically~*~*~ (hiding).
 44805 | Vaults:3 | Found Muecsualy's Assorted Antiques.
 44814 | Vaults:3 | 44814 ||| BUYING potion of lignification (120 gold).
 44814 | Vaults:3 | Bought a potion of lignification for 120 gold pieces
 44814 | Vaults:3 | 44814 ||| BUYING scroll of teleportation (120 gold).
 44814 | Vaults:3 | Bought a scroll of teleportation for 120 gold pieces
 44814 | Vaults:3 | 44814 ||| BUYING wand of digging (6) (1008 gold).
 44814 | Vaults:3 | Bought a wand of digging (6) for 1008 gold pieces
 45032 | Vaults:3 | 45032 ||| Stepping ~*~*~tactically~*~*~ (hiding).
 45033 | Vaults:3 | 45033 ||| Stepping ~*~*~tactically~*~*~ (hiding).
 45035 | Vaults:3 | 45035 ||| Stepping ~*~*~tactically~*~*~ (hiding).
 45150 | Vaults:3 | 45150 ||| Stepping ~*~*~tactically~*~*~ (hiding).
 45151 | Vaults:3 | 45151 ||| Stepping ~*~*~tactically~*~*~ (hiding).
 45356 | Vaults:3 | 45356 ||| RIP WIZLAB
 45377 | Vaults:3 | 45377 ||| PLANNING VAULTS:1-4
 45469 | Vaults:3 | Identified the +2 hand axe "Jihac" {pain, *Noise rN+ MP+9}
                  | (Okawaru gifted it to you on level 3 of the Vaults)
 45469 | Vaults:3 | Received a gift from Okawaru
 45747 | Vaults:3 | 45747 ||| Stepping ~*~*~tactically~*~*~ (stealth).
 45749 | Vaults:3 | 45749 ||| Stepping ~*~*~tactically~*~*~ (stealth).
 45823 | Vaults:3 | 45823 ||| Stepping ~*~*~tactically~*~*~ (hiding).
 45824 | Vaults:3 | 45824 ||| Stepping ~*~*~tactically~*~*~ (hiding).
 45826 | Vaults:3 | 45826 ||| Stepping ~*~*~tactically~*~*~ (hiding).
 45897 | Vaults:3 | 45897 ||| PLANNING VAULTS:1-4
 45922 | Vaults:3 | 45922 ||| Stepping ~*~*~tactically~*~*~ (hiding).
 45927 | Vaults:3 | 45927 ||| INVOKING Heroism.
 46008 | Vaults:3 | 46008 ||| Stepping ~*~*~tactically~*~*~ (hiding).
 46078 | Vaults:3 | 46078 ||| Stepping ~*~*~tactically~*~*~ (hiding).
 46082 | Vaults:3 | 46082 ||| INVOKING Heroism.
 46504 | Vaults:3 | Reached skill level 19 in Fighting
 47136 | Vaults:4 | 47136 ||| DRINKING 15 potions of curing.
 47136 | Vaults:4 | 47136 ||| (to cure confusion)
 47183 | Vaults:4 | Received a gift from Okawaru
 47310 | Vaults:4 | Noticed Margery
 47311 | Vaults:4 | 47311 ||| Stepping ~*~*~tactically~*~*~ (hiding).
 47312 | Vaults:4 | 47312 ||| Stepping ~*~*~tactically~*~*~ (hiding).
 47328 | Vaults:4 | 47328 ||| INVOKING Heroism.
 47339 | Vaults:4 | Killed Margery
 47339 | Vaults:4 | HP: 25/144 [hell knight/+2 glaive[Margery] (19)]
 47340 | Vaults:4 | 47340 ||| READING 14 scrolls of teleportation.
 47341 | Vaults:4 | 47341 ||| DRINKING potion of heal wounds.
 47343 | Vaults:4 | Identified the +3 war axe "Tikas" {drain, Str+3 Int+2 Dex+3
                  | Stlth-} (Okawaru gifted it to you on level 4 of the Vaults)
 47343 | Vaults:4 | Received a gift from Okawaru
 47713 | Vaults:4 | Identified the +4 lajatang of Ozioz {vamp, rElec Dex+2}
 47741 | Vaults:4 | 47741 ||| Stepping ~*~*~tactically~*~*~ (hiding).
 47742 | Vaults:4 | 47742 ||| Stepping ~*~*~tactically~*~*~ (hiding).
 47747 | Vaults:4 | 47747 ||| Stepping ~*~*~tactically~*~*~ (hiding).
 47844 | Vaults:4 | 47844 ||| Stepping ~*~*~tactically~*~*~ (stealth).
 47863 | Vaults:4 | Reached skill level 18 in Armour
 47886 | Vaults:4 | 47886 ||| INVOKING Finesse.
 47889 | Vaults:4 | 47889 ||| PLANNING VAULTS:1-4
 48130 | Vaults:4 | 48130 ||| INVOKING Heroism.
 48364 | Vaults:4 | 48364 ||| DROPPING +3 war axe "Tikas" {drain, Str+3 Int+2
                  | Dex+3 Stlth-}.
 48417 | Vaults:4 | Identified the +7 falchion "Numox" {drain, rElec rN+}
 48606 | Vaults:4 | 48606 ||| Stepping ~*~*~tactically~*~*~ (stealth).
 48754 | Vaults:4 | Noticed Mennas
 48756 | Vaults:4 | 48756 ||| INVOKING Heroism.
 48757 | Vaults:4 | 48757 ||| DRINKING 14 potions of curing.
 48757 | Vaults:4 | 48757 ||| (to cure confusion)
 48758 | Vaults:4 | 48758 ||| INVOKING Finesse.
 48802 | Vaults:4 | Killed Mennas
 48802 | Vaults:4 | Received a gift from Okawaru
 49269 | Vaults:4 | 49269 ||| PLANNING SWAMP:4
 49687 | Swamp:4  | 49687 ||| PLANNING DEPTHS
 50001 | Depths:1 | Entered Level 1 of the Depths
 50022 | Depths:1 | Reached XP level 22. HP: 142/152 MP: 30/30
 50051 | Depths:1 | 50051 ||| Stepping ~*~*~tactically~*~*~ (stealth).
 50053 | Depths:1 | 50053 ||| INVOKING Heroism.
 50059 | Depths:1 | Reached skill level 20 in Fighting
 50134 | Depths:1 | 50134 ||| Stepping ~*~*~tactically~*~*~ (hiding).
 50171 | Depths:1 | 50171 ||| Stepping ~*~*~tactically~*~*~ (stealth).
 50255 | Depths:1 | 50255 ||| Stepping ~*~*~tactically~*~*~ (hiding).
 50257 | Depths:1 | 50257 ||| Stepping ~*~*~tactically~*~*~ (hiding).
 50258 | Depths:1 | 50258 ||| Stepping ~*~*~tactically~*~*~ (hiding).
 50421 | Depths:1 | Found a shimmering altar of Xom.
 50500 | Depths:1 | 50500 ||| INVOKING Heroism.
 50597 | Depths:1 | 50597 ||| Stepping ~*~*~tactically~*~*~ (hiding).
 50603 | Depths:1 | Found a gateway to Hell.
 50607 | Depths:1 | Received a gift from Okawaru
 50767 | Depths:2 | Identified the ring of the Cicada {rF+ Int+6}
 50830 | Depths:2 | 50830 ||| Stepping ~*~*~tactically~*~*~ (hiding).
 50919 | Depths:2 | Gained mutation: You are vulnerable to cold. (rC-) [a
                  | neqoxec]
 51047 | Depths:2 | 51047 ||| INVOKING Heroism.
 51048 | Depths:2 | 51048 ||| Stepping ~*~*~tactically~*~*~ (hiding).
 51143 | Depths:2 | Identified the +6 glaive "Ycesux" {flame, Int+2 Dex+3}
 51190 | Depths:2 | 51190 ||| Stepping ~*~*~tactically~*~*~ (hiding).
 51191 | Depths:2 | 51191 ||| Stepping ~*~*~tactically~*~*~ (hiding).
 51209 | Depths:2 | Found a one-way gate leading to the halls of Pandemonium.
 51210 | Depths:2 | 51210 ||| INVOKING Heroism.
 51215 | Depths:2 | Gained mutation: Your magical capacity is low. (-10% MP) [a
                  | neqoxec]
 51361 | Depths:2 | 51361 ||| INVOKING Heroism.
 51412 | Depths:2 | 51412 ||| INVOKING Finesse.
 51537 | Depths:2 | 51537 ||| Stepping ~*~*~tactically~*~*~ (hiding).
 51538 | Depths:2 | 51538 ||| Stepping ~*~*~tactically~*~*~ (hiding).
 51604 | Depths:2 | 51604 ||| Stepping ~*~*~tactically~*~*~ (hiding).
 51645 | Depths:2 | 51645 ||| Stepping ~*~*~tactically~*~*~ (hiding).
 51702 | Depths:2 | 51702 ||| DRINKING potion of experience.
 51702 | Depths:2 | Reached skill level 21 in Shields
 51702 | Depths:2 | Reached XP level 23. HP: 156/156 MP: 28/28
 51781 | Depths:2 | 51781 ||| Stepping ~*~*~tactically~*~*~ (hiding).
 51782 | Depths:2 | 51782 ||| Stepping ~*~*~tactically~*~*~ (hiding).
 51785 | Depths:2 | 51785 ||| Stepping ~*~*~tactically~*~*~ (hiding).
 51805 | Depths:2 | 51805 ||| Stepping ~*~*~tactically~*~*~ (hiding).
 51807 | Depths:2 | 51807 ||| Stepping ~*~*~tactically~*~*~ (hiding).
 51808 | Depths:2 | 51808 ||| Stepping ~*~*~tactically~*~*~ (hiding).
 51809 | Depths:2 | 51809 ||| Stepping ~*~*~tactically~*~*~ (hiding).
 51810 | Depths:2 | 51810 ||| Stepping ~*~*~tactically~*~*~ (hiding).
 51812 | Depths:2 | 51812 ||| Stepping ~*~*~tactically~*~*~ (hiding).
 51895 | Depths:2 | 51895 ||| Stepping ~*~*~tactically~*~*~ (hiding).
 51927 | Depths:2 | Noticed a juggernaut
 51928 | Depths:2 | 51928 ||| INVOKING Heroism.
 51929 | Depths:2 | 51929 ||| INVOKING Finesse.
 51951 | Depths:2 | Reached skill level 6 in Dodging
 51952 | Depths:2 | Killed a juggernaut
 51952 | Depths:2 | Received a gift from Okawaru
 52015 | Depths:2 | Identified the +0 scale mail of Eternity {-Cast rF++ Str+3}
 52033 | Depths:2 | 52033 ||| INVOKING Heroism.
 52087 | Depths:2 | Found a one-way gate to the infinite horrors of the Abyss.
 52126 | Depths:2 | Received a gift from Okawaru
 52151 | Depths:2 | 52151 ||| Stepping ~*~*~tactically~*~*~ (stealth).
 52189 | Depths:2 | 52189 ||| INVOKING Heroism.
 52336 | Depths:2 | Noticed a golden dragon
 52337 | Depths:2 | 52337 ||| Stepping ~*~*~tactically~*~*~ (hiding).
 52341 | Depths:2 | 52341 ||| INVOKING Heroism.
 52351 | Depths:2 | Killed a golden dragon
 52484 | Depths:2 | 52484 ||| DROPPING +0 fire dragon scales.
 52485 | Depths:2 | 52485 ||| DROPPING +0 ice dragon scales.
 52536 | Depths:3 | 52536 ||| STAIRDANCE
 52538 | Depths:2 | Received a gift from Okawaru
 52622 | Depths:3 | 52622 ||| STAIRDANCE
 52685 | Depths:3 | 52685 ||| STAIRDANCE
 52730 | Depths:3 | Reached skill level 21 in Fighting
 52740 | Depths:3 | 52740 ||| READING scroll of enchant armour.
 52740 | Depths:3 | 52740 ||| ENCHANTING +5 plate armour.
 52864 | Depths:3 | Noticed Sojobo
 52865 | Depths:3 | 52865 ||| INVOKING Heroism.
 52866 | Depths:3 | 52866 ||| INVOKING Finesse.
 52894 | Depths:3 | Paralysed by an air elemental for 1 turns
 52899 | Depths:3 | Killed Sojobo
 53103 | Depths:3 | 53103 ||| Stepping ~*~*~tactically~*~*~ (hiding).
 53107 | Depths:3 | 53107 ||| Stepping ~*~*~tactically~*~*~ (hiding).
 53202 | Depths:3 | 53202 ||| Stepping ~*~*~tactically~*~*~ (stealth).
 53206 | Depths:3 | 53206 ||| INVOKING Heroism.
 53208 | Depths:3 | 53208 ||| INVOKING Finesse.
 53269 | Depths:3 | 53269 ||| Stepping ~*~*~tactically~*~*~ (hiding).
 53328 | Depths:3 | 53328 ||| INVOKING Heroism.
 53391 | Depths:3 | Noticed a caustic shrike
 53392 | Depths:3 | 53392 ||| INVOKING Heroism.
 53405 | Depths:3 | Killed a caustic shrike
 53428 | Depths:3 | 53428 ||| Stepping ~*~*~tactically~*~*~ (hiding).
 53438 | Depths:3 | Noticed a golden dragon
 53439 | Depths:3 | 53439 ||| Stepping ~*~*~tactically~*~*~ (hiding).
 53450 | Depths:3 | Killed a golden dragon
 53501 | Depths:3 | Noticed a caustic shrike
 53502 | Depths:3 | 53502 ||| INVOKING Heroism.
 53510 | Depths:3 | Killed a caustic shrike
 53630 | Depths:3 | Received a gift from Okawaru
 53644 | Depths:3 | 53644 ||| INVOKING Heroism.
 53742 | Depths:3 | 53742 ||| INVOKING Heroism.
 53807 | Depths:3 | 53807 ||| INVOKING Heroism.
 53860 | Depths:3 | Reached XP level 24. HP: 166/166 MP: 28/28
 53863 | Depths:3 | Noticed Jory
 53864 | Depths:3 | 53864 ||| Stepping ~*~*~tactically~*~*~ (hiding).
 53886 | Depths:3 | Killed Jory
 53886 | Depths:3 | Received a gift from Okawaru
 53948 | Depths:3 | 53948 ||| INVOKING Heroism.
 54039 | Depths:3 | 54039 ||| INVOKING Heroism.
 54066 | Depths:3 | 54066 ||| READING scroll of enchant armour.
 54066 | Depths:3 | 54066 ||| ENCHANTING +6 plate armour.
 54090 | Depths:3 | 54090 ||| Stepping ~*~*~tactically~*~*~ (hiding).
 54206 | Depths:3 | 54206 ||| Stepping ~*~*~tactically~*~*~ (hiding).
 54207 | Depths:3 | 54207 ||| Stepping ~*~*~tactically~*~*~ (hiding).
 54389 | Depths:3 | 54389 ||| Stepping ~*~*~tactically~*~*~ (hiding).
 54390 | Depths:3 | 54390 ||| Stepping ~*~*~tactically~*~*~ (hiding).
 54426 | Depths:3 | 54426 ||| Stepping ~*~*~tactically~*~*~ (hiding).
 54540 | Depths:3 | 54540 ||| Stepping ~*~*~tactically~*~*~ (stealth).
 54542 | Depths:3 | 54542 ||| Stepping ~*~*~tactically~*~*~ (hiding).
 54564 | Depths:3 | 54564 ||| Stepping ~*~*~tactically~*~*~ (hiding).
 54696 | Depths:3 | Reached skill level 22 in Fighting
 54706 | Depths:3 | 54706 ||| INVOKING Heroism.
 54851 | Depths:3 | Received a gift from Okawaru
 54878 | Depths:3 | 54878 ||| Stepping ~*~*~tactically~*~*~ (hiding).
 55268 | Depths:4 | Entered Level 4 of the Depths
 55268 | Depths:4 | Noticed the Enchantress
 55268 | Depths:4 | Found a one-way gateway to a ziggurat.
 55269 | Depths:4 | 55269 ||| INVOKING Heroism.
 55271 | Depths:4 | Noticed Grunn
 55276 | Depths:4 | 55276 ||| STAIRDANCE
 55278 | Depths:3 | 55278 ||| DRINKING 17 potions of curing.
 55278 | Depths:3 | 55278 ||| (to cure confusion)
 55293 | Depths:3 | Received a gift from Okawaru
 55298 | Depths:3 | HP: 42/168 [???[a doom hound] (11)]
 55299 | Depths:3 | 55299 ||| READING 15 scrolls of teleportation.
 55304 | Depths:3 | 55304 ||| READING 14 scrolls of teleportation.
 55304 | Depths:3 | HP: 28/168 [putrid mouth[a doom hound] (10)]
 55333 | Depths:3 | 55333 ||| READING 13 scrolls of teleportation.
 55656 | Depths:3 | 55656 ||| Stepping ~*~*~tactically~*~*~ (hiding).
 55901 | Depths:4 | Noticed Vv
 55902 | Depths:4 | 55902 ||| DRINKING 6 potions of resistance.
 55903 | Depths:4 | 55903 ||| INVOKING Heroism.
 55924 | Depths:4 | 55924 ||| INVOKING Heroism.
 55934 | Depths:4 | Killed Vv
 55935 | Depths:4 | HP: 40/168 [hell knight/+0 great mace of pain (15)]
 55936 | Depths:4 | 55936 ||| READING 12 scrolls of teleportation.
 55937 | Depths:4 | HP: 17/168 [hell knight/+0 great sword of pain (6)]
 55938 | Depths:4 | HP: 6/168 [hell knight/+0 great sword of pain (11)]
 55939 | Depths:4 | Mangled by a hell knight

Levels and vault maps discovered:
D:1:      dpeg_arrival_rooms_c, layout_basic, minivault_5
D:2:      layout_loops_ring, hellmonk_ecumenical_altar_arch_garden
D:3:      layout_loops_ring, mainiacjoe_overflow_catch_the_wave
D:4:      layout_basic, xom_redecorated, ebering_ghost_rock_garden,
          uniq_blork_the_orc
D:5:      layout_basic, jmf_multi_god_temple, gammafunk_temple_overflow_pools,
          lemuel_temple_firewalk_b, nicolae_shop_self_help, uniq_grinder,
          uniq_duvessa
D:6:      layout_layer_cave, mainiacjoe_overflow_alcove_3, uniq_menkaure
D:7:      layout_rooms, vehumet_statue, cheibrodos_worm_habitat,
          nicolae_overflow_squiral, serial_curves, eino_curves_04,
          eino_curves_02
D:8:      layout_loops_ring, hangedman_ranch
D:9:      layout_big_octagon, erik_lair_dragon, serial_gnoll_camp,
          gnoll_camp_mini_hut, gnoll_camp_mini_hut, gnoll_camp_mini_loothouse,
          gnoll_camp_mini_hut, gnoll_camp_mini_hut, uniq_pikel
D:10:     layout_cave_pools, nicolae_ashenzari_panopticon,
          minmay_orc_entry_guard_dogs, serial_shops, shop
D:11:     layout_gridville, uniq_harold
D:12:     minmay_strange_plus, layout_loops_ring, kennysheep_island_fort,
          uniq_urug
D:13:     layout_roguey, minmay_statue_bubble, uniq_sonja
D:14:     layout_cave_pools, david_vaults_4, kennysheep_nondescript,
          minmay_pinched_square
D:15:     hangedman_depths_entry_civil_slaughter, layout_gridville,
          old_standard_altar, uniq_azrael
Temple:   hellmonk_temple_micro_hex
Lair:1:   layout_roguey, cheibrodos_lair_caveside_slide, uniq_gastronok
Lair:2:   layout_layer_cave, tgw_fedhas
Lair:3:   layout_chaotic_city, swamp_mist_pool, dummy_snake_entry,
          nicolae_lair_liquid_snakes, serial_bayou_shore_b, grunt_megastairs_2,
          lemuel_fruit_tree
Lair:4:   layout_long_grid, gauntlet_entry_generic, kennysheep_basilisk_garden,
          uniq_kirke
Lair:5:   hangedman_lair_in_review, layout_regular_city, slime_entry_1,
          nicolae_lair_run_with_the_wolves
Swamp:1:  layout_basic_swamp, gammafunk_ghost_mausoleum, lemuel_altar_in_water,
          hangedman_swamp_ravenous
Swamp:2:  layout_basic_swamp, gammafunk_ghost_berserking_beasts,
          evilmike_swamp_ruin_house_5
Swamp:3:  layout_basic_swamp, evilmike_swamp_ruin_house_2, swamp_pool5,
          nicolae_swamp_super_fun_site, infiniplex_staircase_pool_2
Swamp:4:  swamp_basic_johnstein, layout_basic_swamp, swamp_pool5
Snake:1:  layout_layer_cave, grunt_ministairs_6
Snake:2:  layout_chambers, uniq_aizul, uniq_nikola
Snake:3:  layout_rooms, serial_curves, eino_curves_01, eino_curves_01,
          eino_curves_02
Snake:4:  snake_pit_salamanders_mu, layout_chambers, grunt_ministairs_6,
          nicolae_snake_gridmaze_entwining
Orc:1:    layout_caves, chequers_guarded_unrand_ignorance
Orc:2:    st_orc_ogre_mass, layout_caves, basic_altar, david_defended_altar_orc
Vaults:1: nicolae_vaults_surprise_closet_hard, grunt_vaults_twisty, v_misc_33,
          nicolae_vaults_border_crossing, ontoclasm_vaults_hangar,
          nicolae_vaults_shelves_hall, v_misc_18, vaults_standard_mumra_lines,
          vaults_dpeg_encased_lava, layout_vaults_omnigrid, serial_shops, shop
Vaults:2: minmay_crypt_entry_vampire_xt, vaults_room_door_hall,
          nicolae_vaults_what_the_h, nicolae_vaults_security_offices_1,
          grunt_vaults_hallway_short, vaults_room_door_hall,
          nicolae_vaults_closet_pinwheel_1, nicolae_vaults_frosty_reception,
          v_rooms_1, vaults_dpeg_doors, vaults_room_pools, layout_vaults_maze
Vaults:3: mu_enter_wizlab_4, nicolae_vaults_halls_meeting,
          hangedman_vaults_slice, vaults_dpeg_cross, nicolae_vaults_little_ls,
          nicolae_vaults_spaceships, hangedman_vaults_snaps,
          nicolae_vaults_shrinking_rooms_1, vaults_mumra_minichess,
          nicolae_vaults_double_plus_2, nicolae_vaults_turnstiles,
          layout_vaults_chaotic_city, serial_shops, shop
Vaults:4: nicolae_vaults_network_square, nicolae_vaults_branching_niches,
          v_pattern_1, nicolae_vaults_closet_pinwheel_3, vaults_dpeg_diagonal,
          nicolae_vaults_heart-shaped_vault, nicolae_vaults_network_quincunx
          [nicolae_vaults_network_quincunx_subvault,
          nicolae_vaults_network_quincunx_subvault,
          nicolae_vaults_network_quincunx_subvault,
          nicolae_vaults_network_quincunx_subvault,
          nicolae_vaults_network_quincunx_subvault], ontoclasm_vaults_chip,
          nicolae_vaults_two_Ls, layout_vaults_omnicross, uniq_mennas,
          uniq_margery
Depths:1: layout_cave_pools, grunt_metal_band, basic_altar, st_stairs_7,
          nicolae_titane
Depths:2: minmay_textured_paths, layout_gridlike, serial_corexii_hall,
          chequers_hall_statues_wall_a, chequers_hall_statues_corner_a,
          minmay_room_of_horrors, minmay_misc_feat_nine_boxes,
          grunt_pan_entry_sceptre, hell_entry
Depths:3: minmay_spiral_squares, layout_cave_pools, pan_entry,
          pf_hell_entry_tar_river, serial_sigils,
          serial_sigils_hangedman_writhe, serial_sigils_hangedman_quiver,
          serial_sigils_hangedman_snap, serial_sigils_hangedman_gnaw,
          abyss_entry, uniq_jory, uniq_sojobo
Depths:4: grunt_zot_entry_gee_three, layout_gridlike, enter_ziggurat_a,
          hell_entry, nicolae_sif_muna_condensation, uniq_enchantress,
          uniq_grunn, uniq_vv

Skill      XL: |  1  2  3  4  5  6  7  8  9 10 11 12 13 14 15 16 17 18 19 20 21 22 23 24 |
---------------+-------------------------------------------------------------------------+-----
Axes           | 2 3 4 5 6 7 8 10 11 12 13 14 15 17 18 | 18.0
Fighting       | 4 5 6 7 9 10 12 14 16 17 18 19 20 21 22 | 22.0
Dodging        | 1 2 3 4 5 6 |  6.0
Throwing       | 1 4 6 7 8 10 11 | 11.0
Armour         | 4 6 7 8 9 11 12 14 15 16 18 19 20 | 20.5
Shields        | 4 5 6 7 8 9 10 15 17 20 21 | 21.6
Invocations    | 4 5 9 11 | 11.2

Action                     |  1- 3 |  4- 6 |  7- 9 | 10-12 | 13-15 | 16-18 | 19-21 | 22-24 || total
---------------------------+-------+-------+-------+-------+-------+-------+-------+-------++-------
  Melee: War axe           |   102 |   146 |   202 |   480 |       |       |       |       ||   930
         Morningstar       |       |       |       |    10 |       |    28 |       |       ||    38
         Broad axe         |       |       |       |    13 |   742 |  1151 |  1500 |   917 ||  4323
  Throw: Boomerang         |       |       |    84 |    16 |       |    15 |    89 |    14 ||   218
         Javelin           |       |       |       |    12 |   118 |   266 |    74 |    53 ||   523
 Invoke: Heroism           |       |       |       |    26 |    19 |    46 |    26 |    23 ||   140
         Finesse           |       |       |       |       |     4 |     4 |     3 |     4 ||    15
    Use: Scroll            |     6 |     8 |     6 |     7 |     7 |     8 |     2 |     6 ||    50
         Potion            |       |     6 |     1 |     1 |     3 |     4 |     3 |     3 ||    21
   Stab: Distracted        |       |       |       |       |     1 |       |       |       ||     1
 Armour: Scale mail        |    46 |    26 |       |       |       |       |       |       ||    72
         Chain mail        |       |    35 |   101 |   252 |    98 |       |       |       ||   486
         Plate armour      |       |       |       |       |   194 |   597 |   456 |   359 ||  1606
  Dodge: Dodged            |    50 |    57 |    72 |   157 |   318 |   569 |   414 |   254 ||  1891
         Repelled          |       |     2 |     1 |    10 |    10 |    32 |    13 |    10 ||    78
  Block: Buckler           |    22 |    15 |    32 |    99 |   180 |   310 |       |       ||   658
         Reflection        |       |       |       |       |       |    49 |    99 |     5 ||   153
         Kite shield       |       |       |       |       |       |   412 |   270 |       ||   682
         Tower shield      |       |       |       |       |       |       |   924 |   836 ||  1760

Table legend:
 A = Non-vault XP
 B = Vault XP
 C = Vault XP percentage of total XP
 D = Non-vault monster count
 E = Vault monster count
 F = Vault count percentage of total count
                 A         B        C        D         E       F
            +---------+---------+-------+---------+---------+-------
      Total |  398850 |  355578 |  47.1 |     979 |     540 |  35.5
            +---------+---------+-------+---------+---------+-------
        D:1 |      49 |       0 |   0.0 |      22 |       0 |   0.0
        D:2 |      61 |       0 |   0.0 |      23 |       0 |   0.0
        D:3 |      36 |       0 |   0.0 |      15 |       0 |   0.0
        D:4 |     120 |      91 |  43.1 |      18 |       1 |   5.3
        D:5 |     829 |     530 |  39.0 |      25 |       5 |  16.7
        D:6 |     747 |     172 |  18.7 |      10 |       1 |   9.1
        D:7 |    1192 |      37 |   3.0 |      27 |       2 |   6.9
        D:8 |    1406 |    1631 |  53.7 |      15 |       6 |  28.6
        D:9 |    2965 |    2265 |  43.3 |      19 |      14 |  42.4
       D:10 |    2542 |     508 |  16.7 |      27 |       3 |  10.0
       D:11 |    3627 |     857 |  19.1 |      19 |       1 |   5.0
       D:12 |    7921 |    9106 |  53.5 |      20 |      12 |  37.5
       D:13 |    2913 |    1219 |  29.5 |       6 |       2 |  25.0
       D:14 |   10149 |    8656 |  46.0 |      26 |      18 |  40.9
       D:15 |   14391 |    5614 |  28.1 |      32 |      11 |  25.6
     Lair:1 |    3911 |    1497 |  27.7 |      23 |       1 |   4.2
     Lair:2 |    2201 |     565 |  20.4 |      10 |       1 |   9.1
     Lair:3 |    4709 |    1233 |  20.8 |      13 |       8 |  38.1
     Lair:4 |    4834 |    2830 |  36.9 |      15 |       8 |  34.8
     Lair:5 |   12027 |   11593 |  49.1 |      37 |      31 |  45.6
    Swamp:1 |   16319 |    6860 |  29.6 |      37 |      13 |  26.0
    Swamp:2 |   11090 |       0 |   0.0 |      20 |       0 |   0.0
    Swamp:3 |   11248 |     548 |   4.6 |      20 |       5 |  20.0
    Swamp:4 |    9696 |   24647 |  71.8 |      23 |      37 |  61.7
    Snake:1 |   10701 |    4534 |  29.8 |      24 |       9 |  27.3
    Snake:2 |    6974 |    3448 |  33.1 |      18 |       2 |  10.0
    Snake:3 |   21631 |       0 |   0.0 |      45 |       0 |   0.0
    Snake:4 |   15018 |   31815 |  67.9 |      29 |      52 |  64.2
      Orc:1 |    7833 |       0 |   0.0 |      57 |       0 |   0.0
      Orc:2 |    2956 |   16909 |  85.1 |      32 |      43 |  57.3
   Vaults:1 |   40067 |   25009 |  38.4 |      62 |      36 |  36.7
   Vaults:2 |   46923 |   25937 |  35.6 |      68 |      35 |  34.0
   Vaults:3 |   17134 |   27644 |  61.7 |      23 |      36 |  61.0
   Vaults:4 |   20606 |   34790 |  62.8 |      30 |      36 |  54.5
   Depths:1 |    8420 |    5814 |  40.8 |       9 |       7 |  43.8
   Depths:2 |   34780 |   21201 |  37.9 |      41 |      32 |  43.8
   Depths:3 |   35654 |   67784 |  65.5 |      33 |      54 |  62.1
   Depths:4 |    5170 |    4485 |  46.5 |       6 |       3 |  33.3
   Gauntlet |       0 |    5749 | 100.0 |       0 |      15 | 100.0
            +---------+---------+-------+---------+---------+-------
